 Dungeon Crawl Stone Soup version 0.28.0 (webtiles) character file.

Game seed: 10539210514299016725

1163986 sasquatch the Sorcerer (level 27, -23/233 HPs)
             Began as a Demigod Conjurer on Feb 10, 2022.
             Killed by dispel undead
             ... invoked by a Tzitzimitl
              (83 damage)
             ... on level 7 of Tartarus on Feb 11, 2022.
             The game lasted 07:54:06 (118140 turns).

sasquatch the Sorcerer (Demigod Conjurer)         Turns: 118140, Time: 07:54:07

Health: -23/233    AC: 44    Str: 17 (18) XL:     27
Magic:  32/68      EV: 17    Int: 75      God:
Gold:   11410      SH: 19    Dex: 16 (18) Spells: 8/74 levels left

rFire   + + .      SeeInvis +   J - +7 scimitar "Demonbane" {vorpal, rElec rC+ Int+4 Dex+2}
rCold   + + +      Faith    .   F - +5 kite shield {rC+}
rNeg    + + +      Spirit   .   d - +10 pearl dragon scales
rPois   ∞          Reflect  .   I - +3 hat of Pondering {ponderous, Will+ MP+10 Int+5}
rElec   +          Harm     .   h - +2 cloak of Fughutyfe {rC+ Will+ Int+8}
rCorr   +          Rampage  .   B - +0 pair of gloves of Hoplamn {rF+ rC+ Str+3}
Will    ++++.                   y - +2 pair of boots {Fly}
Stlth   ++++......              P - amulet of the Monkey {RegenMP Regen+ Int+2 Dex+4}
HPRegen 1.28/turn               u - ring of Seciybomm {+Blink rPois rC+ rCorr SInv}
MPRegen 0.81/turn               C - ring of the Shimmering Enemy {Drain rF+ Will+++ Str+7 Stlth+}

@: brilliant, lich-form, flying, hasted, studying 3 skills, weak-willed, very
quick
A: draining attack, torment immunity, no potions, high MP 1, forlorn, divine
attributes, (berserk 1), screaming 1, sturdy frame 1
}: 11/15 runes: decaying, slimy, silver, bone, abyssal, demonic, glowing,
magical, fiery, dark, gossamer
a: End Transformation, Evoke Blink


You were on level 7 of Tartarus.
You were an undead lich.
You visited 13 branches of the dungeon, and saw 64 of its levels.
You visited Pandemonium 1 time, and saw 19 of its levels.
You visited the Abyss 2 times.
You visited 2 bazaars.
You completed 1 ziggurat, and saw 27 of its levels.
You also visited: Trove, Volcano and Wizlab.

You collected 15730 gold pieces.
You spent 4320 gold pieces at shops.

Inventory:

Hand Weapons
 D - the +6 falchion of Desperation {freeze, rN++ Int+3}
   (You took it off a vault sentinel on level 5 of the Vaults)

   It freezes those it strikes, dealing additional cold damage.
   It can also slow down cold-blooded creatures.
   Int:       It affects your intelligence (+3).
   rN:        It greatly protects you from negative energy.
 J - the +7 scimitar "Demonbane" (weapon) {vorpal, rElec rC+ Int+4 Dex+2}
   (You found it in a treasure trove)

   It inflicts extra damage upon your enemies.
   Int:       It affects your intelligence (+4).
   Dex:       It affects your dexterity (+2).
   rC:        It protects you from cold.
   rElec:     It insulates you from electricity.
 N - the +7 falchion "Pifosuf" {freeze, rElec rCorr SInv}
   (You found it on level 15 of a ziggurat)

   It freezes those it strikes, dealing additional cold damage.
   It can also slow down cold-blooded creatures.
   rElec:     It insulates you from electricity.
   SInv:      It lets you see invisible.
   rCorr:     It protects you from acid and corrosion.
 O - the +8 war axe "Zefoxoq" {distort, rPois Str-2 Int+5 SInv}
   (You found it on level 23 of a ziggurat)

   It warps and distorts space around it, and may blink, banish, or inflict
   extra damage upon those it strikes.
   Unwielding it can cause banishment or high damage.
   Str:       It affects your strength (-2).
   Int:       It affects your intelligence (+5).
   rPois:     It protects you from poison.
   SInv:      It lets you see invisible.
Armour
 d - +10 pearl dragon scales (worn)
 e - the +0 kite shield "Aweret" {Fly rC+}
   (You acquired it on level 8 of a ziggurat)

   rC:        It protects you from cold.
   Fly:       It grants you flight.
 h - the +2 cloak of Fughutyfe (worn) {rC+ Will+ Int+8}
   (You acquired it on level 1 of the Vaults)

   Int:       It affects your intelligence (+8).
   rC:        It protects you from cold.
   Will:      It increases your willpower.
 q - the +0 robe of Awe {rN+ Str+3 Int+4 Stlth+}
   (You bought it in a shop in a bazaar)

   Str:       It affects your strength (+3).
   Int:       It affects your intelligence (+4).
   rN:        It protects you from negative energy.
   Stlth:     It makes you more stealthy.
 y - a +2 pair of boots of flying (worn)
 B - the +0 pair of gloves of Hoplamn (worn) {rF+ rC+ Str+3}
   (You found it on level 4 of the Depths)

   Str:       It affects your strength (+3).
   rF:        It protects you from fire.
   rC:        It protects you from cold.
 F - a +5 kite shield of cold resistance (worn)
 I - the +3 hat of Pondering (worn) {ponderous, Will+ MP+10 Int+5}
   (You took it off Gastronok on level 8 of the Dungeon)

   Int:       It affects your intelligence (+5).
   MP:        It affects your magic capacity (+10).
   Will:      It increases your willpower.
 S - the +0 leather armour of the Bard {rC+ rCorr Int+3 Dex+3}
   (You found it on level 22 of a ziggurat)

   Int:       It affects your intelligence (+3).
   Dex:       It affects your dexterity (+3).
   rC:        It protects you from cold.
   rCorr:     It protects you from acid and corrosion.
Jewellery
 a - the ring of the Five Heavens {rElec rF+ rC+ rN+ Dex+2}
   (You found it on level 3 of the Crypt)

   [ring of positive energy]

   Dex:       It affects your dexterity (+2).
   rF:        It protects you from fire.
   rC:        It protects you from cold.
   rElec:     It insulates you from electricity.
   rN:        It protects you from negative energy.
 l - the ring of the Madman {Fire rN++ Int+2 Dex-4 Stlth+}
   (You found it on level 10 of a ziggurat)

   [ring of fire]

   It enhances your fire magic.
   Int:       It affects your intelligence (+2).
   Dex:       It affects your dexterity (-4).
   rF:        It protects you from fire.
   rC:        It makes you vulnerable to cold.
   rN:        It greatly protects you from negative energy.
   Stlth:     It makes you more stealthy.
 m - the dreamshard necklace {*Dream Drain}
   (You found it on level 3 of the Elven Halls)

   [amulet of nothing]

   It shatters if its wearer takes lethal or near-lethal damage, preventing the
   blow and releasing protective dreams that heal and fight for the wearer.
   Drain:     It drains your maximum health when unequipped.
 u - the ring of Seciybomm (left hand) {+Blink rPois rC+ rCorr SInv}
   (You took it off a fire giant on level 1 of the Depths)

   [ring of see invisible]

   rC:        It protects you from cold.
   rPois:     It protects you from poison.
   SInv:      It lets you see invisible.
   +Blink:    It lets you blink.
   rCorr:     It protects you from acid and corrosion.
 C - the ring of the Shimmering Enemy (right hand) {Drain rF+ Will+++ Str+7 Stlth+}
   (You found it on level 10 of a ziggurat)

   [ring of protection from fire]

   Str:       It affects your strength (+7).
   rF:        It protects you from fire.
   Drain:     It drains your maximum health when unequipped.
   Will:      It greatly increases your willpower.
   Stlth:     It makes you more stealthy.
 E - the ring "Folin" {rPois rN+ Will+ AC+4}
   (You found it on level 25 of a ziggurat)

   [ring of protection]

   AC:        It affects your AC (+4).
   rPois:     It protects you from poison.
   rN:        It protects you from negative energy.
   Will:      It increases your willpower.
 G - the ring of Gapar {+Blink rN++ rCorr}
   (You found it on level 20 of a ziggurat)

   [ring of resist corrosion]

   rN:        It greatly protects you from negative energy.
   +Blink:    It lets you blink.
   rCorr:     It protects you from acid and corrosion.
 L - the ring of Sloth {rN+ rCorr Str-4 Int+7 Stlth+}
   (You found it on level 3 of the Crypt)

   [ring of positive energy]

   Str:       It affects your strength (-4).
   Int:       It affects your intelligence (+7).
   rN:        It protects you from negative energy.
   rCorr:     It protects you from acid and corrosion.
   Stlth:     It makes you more stealthy.
 P - the amulet of the Monkey (around neck) {RegenMP Regen+ Int+2 Dex+4}
   (You found it on level 17 of a ziggurat)

   [amulet of magic regeneration]

   It increases your rate of magic regeneration.
   Int:       It affects your intelligence (+2).
   Dex:       It affects your dexterity (+4).
   Regen:     It increases your rate of health regeneration.
Wands
 z - a wand of digging (36)
Scrolls
 b - 6 scrolls of magic mapping
 f - 17 scrolls of teleportation
 g - 6 scrolls of enchant armour
 i - 7 scrolls of silence
 r - 9 scrolls of blinking
 t - 12 scrolls of holy word
 w - 5 scrolls of fear
 K - 10 scrolls of amnesia
 W - 24 scrolls of fog
 Z - 5 scrolls of summoning
Potions
 c - 28 potions of curing
 k - 2 potions of magic
 n - 17 potions of mutation
 p - 7 potions of invisibility
 s - 4 potions of brilliance
 A - 7 potions of heal wounds
 R - 9 potions of ambrosia
 T - 4 potions of cancellation
 V - 12 potions of resistance
 X - 9 potions of haste
Miscellaneous
 j - a phial of floods
 M - a +1 figurine of a ziggurat


   Skills:
 - Level 20.4 Fighting
 - Level 15.0 Armour
 - Level 15.0 Dodging
 - Level 10.0 Stealth
 - Level 15.0 Shields
 - Level 24.0 Spellcasting
 - Level 22.0 Conjurations
 - Level 6.0 Hexes
 - Level 18.0 Necromancy
 - Level 6.0 Translocations
 + Level 11.7 Transmutations
 + Level 21.1 Fire Magic
 + Level 20.9 Ice Magic
 - Level 22.0 Earth Magic


You had 8 spell levels left.
You knew the following spells:

 Your Spells              Type           Power      Damage    Failure   Level
a - Necromutation         Tmut/Necr      97%        N/A       1%          8
c - Ignition              Fire           93%        3d24      1%          8
f - Irradiate             Conj/Tmut      87%        3d42      0%          5
g - Lehudib's Crystal Sp  Conj/Erth      94%        10d21     1%          8
i - Shatter               Erth           94%        3d67*     1%          9
j - Fire Storm            Conj/Fire      93%        8d24      1%          9
k - Polar Vortex          Ice            92%        N/A       2%          9
l - Blink                 Tloc           100%       N/A       1%          2
z - Borgnjor's Revivific  Necr           100%       N/A       1%          8

Your spell library contained the following spells:

 Spells                   Type           Power      Damage    Failure   Level
 Animate Skeleton         Necr           100%       N/A       0%          1
 Beastly Appendage        Tmut           100%       N/A       0%          1
 Foxfire                  Conj/Fire      100%       2x1d9     0%          1
 Freeze                   Ice            100%       1d11      0%          1
 Magic Dart               Conj           100%       1d8       0%          1
 Pain                     Necr           100%       1d9       0%          1
 Sandblast                Erth           100%       2d20      0%          1
 Slow                     Hex            100%       N/A       0%          1
 Sting                    Tmut/Pois      100%       1d8       0%          1
 Corpse Rot               Necr/Air       100%       N/A       0%          2
 Ensorcelled Hibernation  Hex/Ice        100%       N/A       0%          2
 Passwall                 Tmut/Erth      100%       N/A       0%          2
 Scorch                   Fire           100%       2d10      0%          2
 Searing Ray              Conj           100%       2d8       0%          2
 Static Discharge         Conj/Air       100%       N/A       0%          2
 Sublimation of Blood     Necr           100%       N/A       0%          2
 Wereblood                Tmut           100%       N/A       0%          2
 Conjure Flame            Conj/Fire      100%       6-21      0%          3
 Dazzling Flash           Conj/Hex       100%       N/A       0%          3
 Frozen Ramparts          Ice            100%       1d12      0%          3
 Ignite Poison            Fire/Tmut/Pois 100%       N/A       0%          3
 Inner Flame              Hex/Fire       100%       N/A       0%          3
 Ozocubu's Armour         Ice            100%       N/A       0%          3
 Stone Arrow              Conj/Erth      100%       3d13      0%          3
 Vampiric Draining        Necr           100%       2d13      0%          3
 Anguish                  Hex/Necr       92%        N/A       0%          4
 Animate Armour           Summ/Erth      100%       N/A       0%          4
 Animate Dead             Necr           100%       N/A       0%          4
 Dispel Undead            Necr           100%       3d31      0%          4
 Flame Wave               Conj/Fire      100%       2d17      0%          4
 Fulminant Prism          Conj/Hex       83%        3d34      0%          4
 Hailstorm                Conj/Ice       100%       3d20      0%          4
 Ice Form                 Ice/Tmut       100%       N/A       0%          4
 Iskenderun's Mystic Bla  Conj/Tloc      100%       2d19      0%          4
 Leda's Liquefaction      Hex/Erth       83%        N/A       0%          4
 Petrify                  Tmut/Erth      100%       N/A       0%          4
 Sticky Flame             Conj/Fire      100%       2d11      0%          4
 Borgnjor's Vile Clutch   Necr/Erth      100%       N/A       0%          5
 Excruciating Wounds      Necr           100%       N/A       0%          5
 Fireball                 Conj/Fire      93%        3d34      0%          5
 Freezing Cloud           Conj/Ice/Air   83%        6-21      0%          5
 Iskenderun's Battlesphe  Conj           100%       2d15      0%          5
 Lee's Rapid Deconstruct  Erth           94%        3d42*     0%          5
 Metabolic Englaciation   Hex/Ice        82%        N/A       0%          5
 Death Channel            Necr           100%       N/A       0%          6
 Iron Shot                Conj/Erth      94%        9d17      0%          6
 Simulacrum               Ice/Necr       100%       N/A       0%          6
 Starburst                Conj/Fire      93%        6d23      0%          6
 Orb of Destruction       Conj           94%        9d20      0%          7
 Call Imp                 Summ           94%        N/A       1%          2
 Poisonous Vapours        Pois/Air       100%       N/A       1%          2
 Call Canine Familiar     Summ           94%        N/A       1%          3
 Confusing Touch          Hex            100%       N/A       1%          3
 Gell's Gravitas          Tloc           100%       N/A       1%          3
 Lesser Beckoning         Tloc           100%       N/A       1%          3
 Mephitic Cloud           Conj/Pois/Air  100%       N/A       1%          3
 Portal Projectile        Hex/Tloc       100%       N/A       1%          3
 Spider Form              Tmut/Pois      100%       N/A       1%          3
 Summon Guardian Golem    Hex/Summ       100%       N/A       1%          3
 Swiftness                Air            94%        N/A       1%          3
 Teleport Other           Tloc           100%       N/A       1%          3
 Tukima's Dance           Hex            100%       N/A       1%          3
 Airstrike                Air            47%        N/A       1%          4
 Cause Fear               Hex            66%        N/A       1%          4
 Olgreb's Toxic Radiance  Pois           94%        N/A       1%          4
 Passage of Golubria      Tloc           100%       N/A       1%          4
 Summon Ice Beast         Ice/Summ       100%       N/A       1%          4
 Summon Lightning Spire   Summ/Air       94%        N/A       1%          4
 Alistair's Intoxication  Tmut/Pois      88%        N/A       1%          5
 Blade Hands              Tmut           79%        N/A       1%          5
 Lightning Bolt           Conj/Air       77%        1d104     1%          5
 Manifold Assault         Tloc           100%       N/A       1%          5
 Silence                  Hex/Air        58%        N/A       1%          5
 Yara's Violent Unravell  Hex/Tmut       73%        3d27      1%          5
 Conjure Ball Lightning   Conj/Air       77%        3x3d28    1%          6
 Dispersal                Tloc           66%        N/A       1%          6
 Eringya's Noxious Bog    Tmut/Pois      66%        N/A       1%          6
 Statue Form              Tmut/Erth      100%       N/A       1%          6
 Dragon Form              Tmut           79%        N/A       1%          7
 Ozocubu's Refrigeration  Ice            92%        4d23      1%          7
 Spellforged Servitor     Conj/Summ      77%        N/A       1%          7
 Infestation              Necr           100%       N/A       1%          8
 Haunt                    Necr/Summ      86%        N/A       2%          7
 Enfeeble                 Hex            66%        N/A       10%         7
 Storm Form               Tmut/Air       66%        N/A       11%         7
 Summon Cactus Giant      Summ           47%        N/A       21%         6
 Malign Gateway           Summ/Tloc      58%        N/A       32%         7
 Discord                  Hex            66%        N/A       58%         8
 Disjunction              Tloc           66%        N/A       58%         8
 Monstrous Menagerie      Summ           47%        N/A       75%         7
 Summon Hydra             Summ           47%        N/A       75%         7
 Maxwell's Capacitive Co  Air            47%        ∞         100%        8
 Death's Door             Necr           100%       N/A       9%          9
 Chain Lightning          Conj/Air       77%        3d103     83%         9
 Dragon's Call            Summ           47%        N/A       100%        9


Dungeon Overview and Level Annotations

Branches:
Dungeon (15/15)            Temple (0/1) D:7            Lair (6/6) D:8
  Swamp (4/4) Lair:3       Spider (4/4) Lair:4        Slime (5/5) Lair:5
    Orc (2/2) D:12            Elf (3/3) Orc:2        Vaults (5/5) D:14
  Crypt (3/3) Vaults:3       Tomb (0/3) Crypt:3      Depths (4/4) D:15
   Hell (visited)             Dis (0/7) Hell            Geh (0/7) Hell
    Coc (0/7) Hell            Tar (7/7) Hell            Zot (5/5) Depths:4
Volcano (visited)          WizLab (visited)

Shops:
D:11 *   Orc:2 *::*   Elf:1 (   Vaults:4 =   Depths:2 *

Portals:
Hell: Depths:1 Depths:2 Depths:3 Depths:4
Abyss: D:5 Depths:3
Pandemonium: Depths:2

Annotations:
D:5 2 transporters, willcat's ghost, weakling OpDe
Slime:5 3 exclusions
Depths:4 3 runed translucent doors


Innate Abilities, Weirdness & Mutations

You are an undead lich.
Your unarmed attacks are suffused with negative energy.
You are immune to unholy pain and torment.
Your necromantic spells are more powerful.
You cannot drink.
You are immune to poison.
You have an increased reservoir of magic. (+10% MP)
You shall have no god before yourself.
Your divine heritage dramatically boosts your attributes as you level up.
((You tend to lose your temper in combat.))
You occasionally shout uncontrollably at your foes.
Your movements are slightly less encumbered by armour. (ER -2)


Message History

Confirm with . or Enter, or press ? or * to list all spells.
Aiming: Lehudib's Crystal Spear (mildly dangerous; 1% risk of failure)
Press: ? - help, Shift-Dir - straight line, f/p - Ereshkigal
Aim: Ereshkigal (almost dead, 53% to hit)
You feel a surge of power!
Really fire in your fire vortex's direction?
Okay, then.
Casting: Lehudib's Crystal Spear (mildly dangerous; 1% risk of failure)
Confirm with . or Enter, or press ? or * to list all spells.
Aiming: Lehudib's Crystal Spear (mildly dangerous; 1% risk of failure)
Press: ? - help, Shift-Dir - straight line, f/p - Ereshkigal
Aim: Ereshkigal (almost dead, 53% to hit)
You feel a surge of power!
Really fire in your fire vortex's direction?
The crystal spear hits Ereshkigal!!!!
You kill Ereshkigal!
You feel your strength returning.
Your life force feels restored.
Unknown command.
A Tzitzimitl comes into view.
The Tzitzimitl gestures at you.
You convulse!
* * * LOW HITPOINT WARNING * * *
Casting: Lehudib's Crystal Spear (mildly dangerous; 1% risk of failure)
Confirm with . or Enter, or press ? or * to list all spells.
You can't see any susceptible monsters within range! (Use Z to cast anyway.) Unknown command.
Unknown command.
Unknown command.
Casting: Lehudib's Crystal Spear (mildly dangerous; 1% risk of failure)
Confirm with . or Enter, or press ? or * to list all spells.
Aiming: Lehudib's Crystal Spear (mildly dangerous; 1% risk of failure)
Press: ? - help, Shift-Dir - straight line, f - Tzitzimitl
Aim: a Tzitzimitl (77% to hit)
You feel a surge of power!
The crystal spear hits the Tzitzimitl!!!
The Tzitzimitl is severely wounded.
You hear a shout!
The Tzitzimitl gestures at you.
You convulse!
You die...

,,,,,**#######'#########.......#
,,,,,,,........................#
,,,,,,,........................#
,,,,,,,........................#
,,*,,,,.......⌠................#
,,,,,,^........................#
,,,,,,,........................#
,,,,,,,.............)..........#
,,,,,,,,.....1..L..............#
,,*,,,,,..##.####.###..........#
,,,,,,,,*#$$$$$..$.$##.........#
,,,,,,,*#$$########$$##........#
,,,,,,,****+*****#(####........#
,,,,,,,* ***,,,,v°#** #........#
,,*,,,,***,,,,..v.,,**#........#
,,,,,,,**,,,....v,,,,*#........#
,,,,,,***,8,vv...,,8,*##.......#


You could see a Tzitzimitl.

Vanquished Creatures
  Cerebov (Pan)
  the Royal Jelly (Slime:5)
  Ereshkigal (Tar:7)
  Lom Lobon (Pan)
  A seraph (Pan)
  Gloorx Vloq (Pan)
  Mnoleg (Pan)
  9 dread liches
  Tiamat (Zot:3)
  5 orbs of fire
  10 ancient liches
  Mennas (Vaults:3)
  30 juggernauts
  Sojobo (Crypt:2)
  A royal mummy (Zig:7)
  12 Killer Klowns
  Saint Roka (Vaults:1)
  2 shard shrikes
  2 curse toes
  A caustic shrike (shapeshifter) (Zig:14)
  11 pandemonium lords
  Xtahua (Vaults:4)
  2 caustic shrikes (Depths:3)
  Geryon (Hell)
  45 golden dragons
  A pearl dragon (Pan)
  4 profane servitors
  11 bone dragons
  4 electric golems
  4 Brimstone Fiends (Pan)
  5 doom hounds
  9 Tzitzimimeh
  A Hell Sentinel (Pan)
  An Ice Fiend (Zig:6)
  A walking earthen tome (WizLab)
  9 liches
  13 tentacled monstrosities
  25 Orb Guardians (Zot:5)
  4 tainted leviathans
  5 deep elf master archers
  7 quicksilver dragons
  15 titans
  2 walking frostbound tomes (Depths:3)
  A walking divine tome (Depths:3)
  14 Executioners (Pan)
  9 deep elf blademasters
  21 acid blobs
  7 tentacled starspawn
  6 sphinxes
  A sphinx (shapeshifter) (Zig:14)
  10 ancient champions
  A thorn hunter (Swamp:1)
  12 shadow dragons
  Murray (Hell)
  Gastronok (D:8)
  16 death cobs
  22 tengu reavers
  19 storm dragons
  A fenstrider witch (Swamp:4)
  10 revenants
  9 nagarajas
  11 azure jellies
  7 draconian monks
  5 draconian knights
  16 rockslimes
  8 daevas
  9 draconian scorchers
  12 cacodemons (Pan)
  Louise (Spider:1)
  11 fire giants
  10 frost giants
  The ghost of jejorda2 the Slicer, an adept VSBe of Trog (Spider:2)
  12 vault wardens
  16 balrugs
  6 emperor scorpions
  14 deep elf sorcerers
  Aizul (Vaults:2)
  5 ghouls
  A nargun (Zig:6)
  4 ghost moths
  21 orc warlords
  7 draconian shifters
  3 iron dragons
  15 angels
  8 curse skulls
  5 demonspawn corrupters (Pan)
  4 deep elf elementalists
  6 draconian stormcallers
  28 very ugly things
  23 ironbound preservers
  8 reapers
  9 demonspawn blood saints
  The ghost of PoweredByGinger the Peltast, a journeyman MiFi of Okawaru (Orc:2)
  5 war gargoyles
  4 spriggan defenders (Depths:3)
  35 stone giants
  15 quicksilver oozes
  A broodmother (shapeshifter) (Zig:12)
  A caustic shrike skeleton (Crypt:2)
  12 draconian annihilators
  A broodmother (Spider:1)
  14 green draconians
  8 eleionomae
  13 putrid mouths
  11 ophanim
  An eleionoma (shapeshifter) (Zig:19)
  3 ironbound thunderhulks
  10 vampire knights
  The ghost of SnakkuSnakku7 the Eclecticist, a journeyman DjGl (Lair:5)
  3 demonspawn black suns (Zot:3)
  16 apis
  18 deep elf demonologists
  A stone giant (shapeshifter) (Zig:14)
  5 dire elephants
  8 black draconians
  4 lorocyprocas (Pan)
  18 deep elf annihilators
  19 white draconians
  21 red draconians
  7 bunyips
  13 spark wasps
  A dire elephant (shapeshifter) (Zig:19)
  18 purple draconians
  5 entropy weavers
  14 yellow draconians
  2 wendigos (Zig:6)
  The ghost of qdestroyer the Cleaver, a journeyman MiFi of Trog (D:13)
  16 ettins
  10 deep elf death magi
  21 green deaths
  A quicksilver dragon zombie (Crypt:2)
  11 eidola
  7 merfolk javelineers
  16 fire dragons
  16 jiangshi
  A crystal guardian (Hell)
  A mummy priest (Zig:7)
  18 yaktaur captains
  5 merfolk impalers
  10 blizzard demons
  13 deep elf high priests
  7 shambling mangroves
  Josephine (D:11)
  2 spectral spriggans
  14 great orbs of eyes
  A hydra (shapeshifter) (Elf:1)
  Fannar (D:11)
  5 ghost crabs
  8 rakshasas
  6 salamander tyrants (Zig:13)
  2 peacekeepers
  2 jorogumos (Spider:4)
  32 vault guards
  2 hell beasts
  10 ogre magi
  20 ice dragons
  A naga warrior (Zig:13)
  9 ironbound frosthearts
  Erica (Orc:1)
  43 hydras
  6 boulder beetles
  An anaconda (Zig:13)
  3 spriggan skeletons
  A boulder beetle (shapeshifter) (Elf:1)
  7 spriggan air magi
  34 two-headed ogres
  7 death knights
  A death yak (shapeshifter) (Zig:19)
  A spectral human (Tar:1)
  14 alligators
  5 merfolk aquamancers
  3 merfolk avatars
  3 catoblepae (Lair:6)
  20 centaur warriors
  7 death yaks
  13 deep troll shamans
  40 dancing weapons
  A spectral stone giant (Tar:2)
  15 deep troll earth magi
  7 tengu warriors
  6 thrashing horrors
  9 vampire magi
  6 hell hogs (Hell)
  30 orc high priests
  A naga sharpshooter (Zig:13)
  3 shock serpents (Pan)
  A titan zombie (Hell)
  A spectral dire elephant (Tar:1)
  6 spriggan berserkers
  19 deep elf knights
  34 sun demons
  13 soul eaters
  4 wretched stars
  Sonja (D:11)
  Nergalle (D:11)
  18 hell knights
  Urug (Lair:6)
  23 iron trolls
  17 shadow wraiths
  A storm dragon skeleton (Crypt:1)
  A fire crab (shapeshifter) (Vaults:5)
  3 crystal echidnas (Hell)
  A salamander mystic (Zig:20)
  8 goliath frogs
  A spectral bunyip (Tar:1)
  12 sixfirhies
  4 sea snakes (Zig:18)
  9 flayed ghosts
  13 spriggan druids
  2 sea snakes (shapeshifter)
  36 skeletal warriors
  11 cherubim
  A spark wasp zombie (Hell)
  21 swamp dragons
  12 starcursed masses
  8 orb spiders
  4 glowing orange brains
  2 pharaoh ants
  A ghost moth zombie (Crypt:2)
  7 bog bodies
  8 lindwurms
  A death drake (shapeshifter) (Zig:26)
  3 steelbarb worms
  15 death drakes
  18 deep elf archers
  25 ironbound convokers
  4 shadow demons (Pan)
  A steelbarb worm (shapeshifter) (Vaults:5)
  3 orange crystal statues
  68 deep trolls
  A naga ritualist (Zig:13)
  A bunyip skeleton (Crypt:1)
  A tengu zombie (Hell)
  2 obsidian statues
  17 wizards
  12 phantasmal warriors
  A tengu skeleton (Pan)
  5 orc knights
  2 anaconda skeletons
  12 necromancers
  2 wolf spiders (shapeshifter) (Zig:26)
  34 orc sorcerers
  A wolf spider zombie (Crypt:2)
  44 ugly things
  36 deep elf pyromancers
  30 deep elf zephyrmancers
  An iron dragon zombie (Hell)
  3 sphinx zombies (Hell)
  Pikel (D:8)
  2 stone giant zombies (Hell)
  A spectral ice dragon (Tar:1)
  23 wolf spiders
  6 shining eyes
  A shining eye (shapeshifter) (Zig:26)
  2 fire giant zombies (Hell)
  15 manticores
  6 will-o-the-wisps
  5 salamanders
  A spectral ettin (Tar:1)
  34 moths of wrath
  12 cyclopes
  A frost giant skeleton (Zig:7)
  3 guardian serpents
  2 cyclopes (shapeshifter)
  10 elephants
  3 merfolk sirens (Zig:18)
  13 naga magi
  A water nymph (shapeshifter) (Zig:26)
  3 water nymphs (Zig:18)
  3 rust devils
  23 vault sentinels
  7 black mambas
  4 ice statues
  A stone giant skeleton (Pan)
  4 molten gargoyles
  2 apocalypse crabs
  A torpor snail (shapeshifter) (Vaults:5)
  6 eyes of devastation
  26 smoke demons
  10 cane toads
  4 gargoyles
  Maggie (Lair:1)
  A dire elephant skeleton (Pan)
  25 orange demons
  A storm dragon simulacrum (Zig:7)
  5 torpor snails
  8 swamp worm zombies (Crypt:1)
  An unseen horror (D:10)
  9 hellions
  6 rime drakes
  6 komodo dragons
  3 kobold demonologists
  A redback zombie (Crypt:2)
  3 tormentors
  3 guardian mummies (Zig:7)
  16 freezing wraiths
  5 tengu conjurers
  4 efreet
  15 demonic crawlers
  3 sea snake zombies (Hell)
  A yellow draconian skeleton (Crypt:2)
  13 yaktaurs
  22 hellwings
  A hydra zombie (Hell)
  3 sea snake skeletons (Hell)
  6 red devils
  2 spectral harpies
  28 trolls
  18 merfolk (Zig:18)
  An ancient zyme (Zig:10)
  13 meliai
  10 tyrant leeches
  A death drake zombie (Crypt:1)
  5 bloated husks
  13 tarantellas
  A queen bee (Spider:3)
  A merfolk (shapeshifter) (D:13)
  4 polar bears
  A tengu simulacrum (Zig:10)
  102 slime creatures
  A hydra skeleton (Hell)
  2 wind drakes (shapeshifter)
  47 hornets
  27 blink frogs
  10 raiju
  A stone giant simulacrum (Crypt:2)
  2 dream sheep (Lair:6)
  A raiju (shapeshifter) (Zig:24)
  A spriggan zombie (Hell)
  2 wind drakes (Zig:18)
  3 snapping turtles (Zig:18)
  3 meliai zombies
  16 water elementals
  4 air elementals
  16 culicivoras
  An ettin skeleton (Crypt:1)
  53 flying skulls
  35 large abominations
  5 shadows
  A centaur simulacrum (Crypt:2)
  8 small abominations
  31 spriggans
  17 ynoxinuls
  20 jumping spiders
  12 wyverns
  An ice dragon skeleton (Crypt:1)
  6 basilisks
  13 wraiths
  3 fire bats (Volcano)
  17 neqoxecs
  51 yaks
  5 steam dragons
  13 vampire mosquitoes
  6 fire elementals
  12 golden eyes
  Grum (D:9)
  40 redbacks
  15 chaos spawn
  A spriggan simulacrum (Zig:5)
  2 swamp worms (shapeshifter) (Vaults:5)
  14 wargs
  A water nymph zombie (Crypt:1)
  18 swamp worms
  A hydra simulacrum (Crypt:3)
  5 hell hounds
  3 acid dragons
  21 water moccasins
  7 swamp drakes
  2 floating eyes
  59 orc warriors
  A black bear (shapeshifter) (Zig:24)
  5 ice beasts
  3 necrophages
  2 sky beasts
  2 black bears
  A hornet zombie (Crypt:2)
  2 boggarts
  49 ogres
  8 wolves
  31 centaurs
  A lindwurm skeleton (Crypt:2)
  2 phantoms
  14 kobold brigands
  9 bullfrogs
  2 gnoll sergeants
  6 scorpions
  An octopode zombie (Crypt:2)
  11 earth elementals
  A water moccasin zombie (D:5)
  A wyvern skeleton (D:5)
  30 killer bees
  13 wights
  15 electric eels
  6 howler monkeys
  4 crimson imps
  10 centaur zombies
  2 bullfrog zombies
  2 jellies
  15 orc priests
  A bullfrog skeleton (D:5)
  4 hounds
  An iron imp (Abyss:3)
  16 centaur skeletons
  11 iguanas
  5 hell rats (Hell)
  2 lightning spires (Zig:16)
  18 orc wizards
  A dwarf zombie (Crypt:2)
  A hound skeleton (D:5)
  3 mummies (Zig:7)
  12 gnolls
  A howler monkey skeleton (D:7)
  10 adders
  An adder (shapeshifter) (Depths:3)
  A shadow imp (D:6)
  2 white imps
  2 ufetubi
  An adder zombie (Crypt:2)
  An adder skeleton (D:4)
  3 worms
  A dart slug (D:3)
  50 orcs
  4 bats
  5 endoplasms
  2 giant cockroaches (D:2)
  12 goblins
  10 hobgoblins
  5 quokkas
  4 ball pythons
  A ball python skeleton (Crypt:1)
  2 frilled lizards (D:2)
  24 kobolds
  4 rats
  3 ball lightnings (Pan)
  A butterfly (Lair:1)
  2 creeping infernos (Zot:1)
  14 fire vortices
  A starspawn tentacle (Abyss:4)
3952 creatures vanquished.

Vanquished Creatures (collateral kills)
  A royal mummy (Zig:7)
  A Killer Klown (Zig:14)
  A golden dragon (Zot:3)
  A titan (Pan)
  A revenant (Crypt:1)
  A draconian knight (Zig:20)
  A black draconian (Zot:5)
  A yellow draconian (Zot:4)
  A moth of wrath (Zot:5)
  A death yak zombie (Crypt:1)
  3 swamp worm zombies (Crypt:1)
  A tormentor (Tar:6)
  2 water elementals (Zig:18)
  2 harpy simulacra (Crypt:1)
  A large abomination (Pan)
  2 necrophages (Crypt:3)
  An adder (D:3)
22 creatures vanquished.

Vanquished Creatures (others)
  A Killer Klown (Zig:19)
  An ettin (Depths:4)
  A hydra (Zig:16)
  A dancing weapon (Zig:24)
  A sun demon (Hell)
  A shadow wraith (Zig:23)
  A soul eater (Pan)
  A will-o-the-wisp (Zig:16)
  A bloated husk (Swamp:3)
  A redback (shapeshifter) (Zig:19)
  3 ball lightnings (Pan)
  8 demonic plants (Abyss:3)
  464 fire vortices
  9 foxfires
  306 fulminant prisms
  49 fungi
  129 plants
  3 starspawn tentacles (Abyss:4)
981 creatures vanquished.

Grand Total: 4955 creatures vanquished

Notes
Turn   | Place    | Note
-------+----------+-------------------------------------------
     0 | D:1      | sasquatch the Demigod Conjurer began the quest for the Orb.
     0 | D:1      | Reached XP level 1. HP: 14/14 MP: 5/5
   636 | D:1      | Reached skill level 2 in Spellcasting
   727 | D:1      | Reached XP level 2. HP: 20/20 MP: 5/7
   752 | D:1      | Learned a level 2 spell: Searing Ray
  1429 | D:2      | Reached XP level 3. HP: 26/26 MP: 0/9
  2456 | D:3      | Identified a scroll of acquirement
  2456 | D:3      | Acquired a staff of conjuration
  2471 | D:3      | Reached XP level 4. HP: 33/33 MP: 8/10
  2651 | D:3      | Learned a level 4 spell: Iskenderun's Mystic Blast
  2883 | D:3      | Reached skill level 5 in Conjurations
  3000 | D:3      | Reached skill level 3 in Spellcasting
  3000 | D:3      | Reached XP level 5. HP: 38/38 MP: 6/12
  3154 | D:3      | Found a glowing drain.
  3911 | D:4      | Noticed a centaur
  3928 | D:4      | Killed a centaur
  3929 | D:4      | Reached XP level 6. HP: 37/45 MP: 4/14
  4929 | D:4      | Reached XP level 7. HP: 50/50 MP: 4/16
  5663 | D:5      | Entered Level 5 of the Dungeon
  5723 | D:5      | Found a one-way gate to the infinite horrors of the Abyss.
  5723 | D:5      | Noticed willcat's ghost (weakling OpDe)
  5751 | D:5      | Reached skill level 4 in Spellcasting
  6383 | D:5      | Found a transporter.
  6390 | D:5      | Noticed a small abomination
  6405 | D:5      | Learned a level 3 spell: Stone Arrow
  6415 | D:5      | Found a transporter.
  6811 | D:5      | Identified the +9 trident of Fyduemie {vamp, *Slow rF+
                  | Dex+5 Stlth+}
  7042 | D:6      | Reached XP level 8. HP: 57/57 MP: 11/18
  7703 | D:7      | Found a staircase to the Ecumenical Temple.
  7829 | D:7      | Reached skill level 5 in Spellcasting
  8477 | D:7      | Reached skill level 10 in Conjurations
  8640 | D:7      | Reached skill level 6 in Spellcasting
  8733 | D:7      | Reached skill level 1 in Earth Magic
  8733 | D:7      | Reached XP level 9. HP: 41/62 MP: 10/21
  8813 | D:7      | Reached skill level 1 in Translocations
  8814 | D:7      | Noticed a death knight
  8963 | D:7      | Noticed a gargoyle
  9117 | D:7      | Noticed a two-headed ogre
  9128 | D:7      | Killed a two-headed ogre
  9240 | D:7      | Noticed a centaur warrior
  9303 | D:7      | Noticed a gargoyle
  9308 | D:7      | Killed a gargoyle
  9417 | D:8      | Noticed Pikel
  9419 | D:8      | Killed Pikel
  9814 | D:8      | Noticed Gastronok
 10116 | D:8      | Reached XP level 10. HP: 66/78 MP: 5/22
 10183 | D:8      | Reached skill level 5 in Dodging
 10336 | D:8      | Killed Gastronok
 10337 | D:8      | Reached skill level 5 in Fighting
 11292 | D:8      | Found a staircase to the Lair.
 11871 | D:7      | Noticed a cyclops
 11875 | D:7      | Killed a cyclops
 12083 | D:7      | Noticed a cyclops
 12085 | D:7      | Killed a cyclops
 12319 | D:7      | Identified the amulet "Gefeofat" {Faith rCorr}
 12351 | D:7      | Killed a centaur warrior
 12701 | D:8      | Reached XP level 11. HP: 80/89 MP: 24/24
 12762 | D:8      | Learned a level 4 spell: Fulminant Prism
 12806 | Lair:1   | Entered Level 1 of the Lair of Beasts
 12861 | Lair:1   | Reached skill level 1 in Hexes
 13120 | Lair:1   | Noticed an eight-headed hydra
 13132 | Lair:1   | Killed an eight-headed hydra
 13143 | Lair:1   | Noticed a seven-headed hydra
 13179 | Lair:1   | Killed a seven-headed hydra
 13279 | Lair:1   | Noticed a four-headed hydra
 13392 | Lair:1   | Noticed Maggie
 13392 | Lair:1   | Noticed an eight-headed hydra
 13409 | Lair:1   | Killed an eight-headed hydra
 13410 | Lair:1   | Reached skill level 7 in Spellcasting
 13421 | Lair:1   | Killed Maggie
 13799 | Lair:1   | Reached skill level 8 in Spellcasting
 13972 | Lair:1   | Killed a four-headed hydra
 14370 | Lair:1   | Noticed a six-headed hydra
 14377 | Lair:1   | Killed a six-headed hydra
 14981 | Lair:2   | Reached XP level 12. HP: 101/101 MP: 15/28
 16350 | Lair:3   | Reached skill level 5 in Hexes
 16350 | Lair:3   | Reached skill level 5 in Translocations
 17295 | Lair:3   | Noticed a seven-headed hydra
 17295 | Lair:3   | Noticed a five-headed hydra
 17309 | Lair:3   | Killed a seven-headed hydra
 17311 | Lair:3   | Killed a five-headed hydra
 17616 | Lair:3   | Found a staircase to the Swamp.
 17838 | Lair:4   | Noticed a seven-headed hydra
 17844 | Lair:4   | Killed a seven-headed hydra
 17865 | Lair:4   | Reached skill level 9 in Spellcasting
 18430 | Lair:4   | Noticed a four-headed hydra
 18430 | Lair:4   | Noticed a five-headed hydra
 18445 | Lair:4   | Killed a four-headed hydra
 18456 | Lair:4   | Killed a five-headed hydra
 18742 | Lair:4   | Reached skill level 10 in Spellcasting
 18945 | Lair:4   | Reached XP level 13. HP: 107/107 MP: 25/31
 19229 | Lair:4   | Found a hole to the Spider Nest.
 19730 | Lair:5   | Found a runed translucent door.
 19960 | Lair:5   | Found a dark tunnel.
 19969 | Volcano  | Entered a volcano
 20800 | Lair:5   | Found a staircase to the Slime Pits.
 21135 | Lair:5   | Noticed SnakkuSnakku7's ghost (journeyman DjGl)
 21141 | Lair:5   | Identified the +4 spear of the Enchanted Forest {vorpal,
                  | Dex+4}
 21582 | Lair:5   | Learned a level 5 spell: Irradiate
 21599 | Lair:6   | Entered Level 6 of the Lair of Beasts
 21599 | Lair:6   | Noticed Urug
 21602 | Lair:6   | Killed Urug
 21607 | Lair:6   | Reached skill level 1 in Transmutations
 23921 | Lair:6   | Reached skill level 15 in Conjurations
 24001 | Lair:6   | Reached skill level 5 in Transmutations
 24001 | Lair:6   | Reached XP level 14. HP: 79/115 MP: 26/32
 26035 | D:9      | Noticed Grum
 26040 | D:9      | Killed Grum
 26543 | D:10     | Entered Level 10 of the Dungeon
 26868 | D:10     | Found Xenn's Magic Scroll Boutique.
 27579 | D:11     | Found Moppeiju's Demolitions Depot.
 27596 | D:11     | Bought a manual of Conjurations for 1120 gold pieces
 27601 | D:11     | Noticed Fannar
 27606 | D:11     | Reached skill level 1 in Shields
 27607 | D:11     | Killed Fannar
 27745 | D:11     | Noticed Sonja
 27753 | D:11     | Killed Sonja
 27859 | D:11     | Found a gateway to a bazaar.
 27874 | Bazaar   | Entered a bazaar
 27878 | Bazaar   | Found Gyzuvy's Assorted Antiques.
 27909 | Bazaar   | Found Edal Gom's General Store.
 27942 | Bazaar   | Found Coki Ata's Magic Scroll Shop.
 27942 | Bazaar   | Found Cuclea's Magic Scroll Boutique.
 27968 | Bazaar   | Bought a transparent ring mail for 216 gold pieces
 27968 | Bazaar   | Identified the +0 ring mail of Lilacs {rPois Str+5} (You
                  | bought it in a shop in a bazaar)
 28098 | D:11     | Noticed Nergalle
 28118 | D:11     | Killed Nergalle
 28704 | D:11     | Noticed Josephine
 28711 | D:11     | Killed Josephine
 29754 | D:12     | Reached skill level 5 in Shields
 30370 | D:12     | Found a staircase to the Orcish Mines.
 30469 | D:12     | Reached XP level 15. HP: 121/121 MP: 33/33
 30617 | Orc:1    | Entered Level 1 of the Orcish Mines
 31047 | D:11     | Bought a book of Annihilations for 840 gold pieces
 31116 | Orc:2    | Entered Level 2 of the Orcish Mines
 31297 | Orc:2    | Reached skill level 5 in Earth Magic
 31600 | Orc:1    | Noticed Erica
 31607 | Orc:1    | Killed Erica
 31608 | Orc:1    | Reached XP level 16. HP: 128/128 MP: 11/35
 32293 | Orc:2    | Noticed PoweredByGinger's ghost (journeyman MiFi)
 32295 | Orc:2    | Found a transporter.
 32295 | Orc:2    | Identified the +7 great mace "Sarcophage" {pain, rN+}
 32302 | Orc:2    | Found a transporter.
 32330 | Orc:2    | Found Sere's General Store.
 32332 | Orc:2    | Found Huigut's Book Shoppe.
 32340 | Orc:2    | Found Juecenk's Book Boutique.
 32341 | Orc:2    | Found Jialynop's Assorted Antiques.
 32406 | Orc:2    | Found a staircase to the Elven Halls.
 32408 | Orc:2    | Found a flickering gateway to a bazaar.
 32413 | Bazaar   | Entered a bazaar
 32417 | Bazaar   | Found Voost's Jewellery Boutique.
 32434 | Bazaar   | Found Buwkuj's Antique Armour Shoppe.
 32445 | Bazaar   | Found Jadecka's Book Shoppe.
 32470 | Bazaar   | Found Datwirue's Distillery.
 32569 | Bazaar   | Bought a creamy pearl robe for 136 gold pieces
 32569 | Bazaar   | Identified the +0 robe of Awe {rN+ Str+3 Int+4 Stlth+} (You
                  | bought it in a shop in a bazaar)
 32569 | Bazaar   | Bought a faintly humming ring mail for 216 gold pieces
 32569 | Bazaar   | Identified the +3 ring mail "Okonlol" {rElec Str-4 Int+9
                  | Dex-2} (You bought it in a shop in a bazaar)
 32598 | Bazaar   | Bought a potion of haste for 60 gold pieces
 32598 | Bazaar   | Bought a potion of curing for 18 gold pieces
 32598 | Bazaar   | Bought a potion of brilliance for 24 gold pieces
 32598 | Bazaar   | Bought a potion of heal wounds for 30 gold pieces
 32598 | Bazaar   | Bought a potion of brilliance for 24 gold pieces
 33643 | Orc:2    | Killed PoweredByGinger's ghost
 33977 | Lair:5   | Killed SnakkuSnakku7's ghost
 34245 | Lair:5   | Acquired the +0 pair of gloves of Context {Str+2 Stlth+}
 34305 | Spider:1 | Entered Level 1 of the Spider Nest
 34361 | Spider:1 | Noticed Louise
 34394 | Spider:1 | Killed Louise
 34910 | Spider:1 | You fall into a shaft and drop 1 floor!
 35119 | Spider:2 | Reached skill level 10 in Earth Magic
 35437 | Spider:2 | Found a runed translucent gate.
 35437 | Spider:2 | Found a runed translucent gate.
 35437 | Spider:2 | Found a runed translucent gate.
 35438 | Spider:2 | Noticed jejorda2's ghost (adept VSBe)
 36032 | Spider:2 | Killed jejorda2's ghost
 40682 | Spider:4 | Entered Level 4 of the Spider Nest
 41743 | Spider:4 | Reached XP level 17. HP: 131/134 MP: 15/36
 43260 | Spider:4 | Got a gossamer rune of Zot
 43687 | Swamp:1  | Entered Level 1 of the Swamp
 43824 | Swamp:1  | Reached skill level 15 in Earth Magic
 48406 | Swamp:3  | Acquired 467 gold pieces
 48735 | Swamp:4  | Entered Level 4 of the Swamp
 49614 | Swamp:4  | Reached XP level 18. HP: 141/141 MP: 36/37
 50739 | Swamp:4  | Identified the +3 spear "Zimeh" {vorpal, rC+ Str+3 Stlth+}
 51171 | Swamp:4  | Got a decaying rune of Zot
 51471 | Swamp:4  | Learned a level 8 spell: Lehudib's Crystal Spear
 51834 | Orc:2    | Bought a scroll of teleportation for 108 gold pieces
 51834 | Orc:2    | Bought a scroll of magic mapping for 126 gold pieces
 51834 | Orc:2    | Bought a wand of digging (5) for 288 gold pieces
 51834 | Orc:2    | Bought a potion of resistance for 360 gold pieces
 51834 | Orc:2    | Bought a shimmering flail for 306 gold pieces
 51834 | Orc:2    | Identified the +1 flail "Ytell" {vamp, Will++} (You bought
                  | it in a shop on level 2 of the Orcish Mines)
 52915 | D:11     | Bought a book of Blasting for 448 gold pieces
 52926 | D:11     | Learned a level 5 spell: Lee's Rapid Deconstruction
 53295 | D:13     | Found a runed translucent gate.
 53300 | D:13     | Found a runed translucent gate.
 53301 | D:13     | Found a runed translucent gate.
 53302 | D:13     | Noticed qdestroyer's ghost (journeyman MiFi)
 53789 | D:13     | Identified the +4 flail of Hurr {vorpal, rElec Str+2 Int+4}
 54098 | D:13     | Killed qdestroyer's ghost
 55192 | D:14     | Found a gate to the Vaults.
 55963 | D:15     | Entered Level 15 of the Dungeon
 56308 | D:15     | Found a staircase to the Depths.
 57062 | Vaults:1 | Entered Level 1 of the Vaults
 57113 | Vaults:1 | Acquired the +2 cloak of Fughutyfe {rC+ Will+ Int+8}
 58489 | Vaults:1 | Noticed Saint Roka
 58620 | Vaults:1 | Identified the +8 mace of Judecelu {holy, rN+}
 58621 | Vaults:1 | Killed Saint Roka
 59431 | Vaults:1 | Found a portal to a secret trove of treasure.
 59767 | Vaults:1 | You paid a toll of +4 ice dragon scales to enter a treasure
                  | trove
 59768 | Trove    | Entered a treasure trove
 59914 | Trove    | Identified the ring "Dapnuote" {rCorr Str+6 Slay+4}
 59917 | Trove    | Identified the +7 scimitar "Demonbane" {vorpal, rElec rC+
                  | Int+4 Dex+2}
 60011 | Trove    | Identified the +6 dagger of Corruption {protect, rF+ Dex+5}
 60394 | Vaults:1 | Reached XP level 19. HP: 147/147 MP: 34/39
 60406 | Vaults:1 | Reached skill level 11 in Spellcasting
 61131 | Vaults:2 | Noticed Aizul
 61136 | Vaults:2 | Killed Aizul
 62991 | Vaults:2 | Reached skill level 12 in Spellcasting
 64267 | Vaults:2 | Learned a level 9 spell: Shatter
 65428 | Vaults:3 | Noticed Mennas
 65438 | Vaults:3 | Killed Mennas
 65780 | Vaults:3 | Found a staircase to the Crypt.
 66231 | Vaults:4 | Reached skill level 13 in Spellcasting
 66451 | Vaults:4 | Noticed Xtahua
 66453 | Vaults:4 | Killed Xtahua
 66509 | Vaults:4 | Acquired 538 gold pieces
 67061 | Vaults:4 | Noticed a golden dragon
 67063 | Vaults:4 | Killed a golden dragon
 67177 | Vaults:4 | Found Meorghut's Jewellery Shop.
 67251 | Vaults:4 | Reached XP level 20. HP: 131/155 MP: 30/43
 67699 | Vaults:4 | Reached skill level 14 in Spellcasting
 68815 | Vaults:5 | Entered Level 5 of the Vaults
 68818 | Vaults:5 | Reached skill level 15 in Spellcasting
 68836 | Vaults:5 | Noticed a golden dragon
 69000 | Vaults:5 | Noticed an ancient lich
 69003 | Vaults:5 | Reached skill level 16 in Spellcasting
 69003 | Vaults:5 | Killed an ancient lich
 69003 | Vaults:5 | Killed a golden dragon
 69448 | Vaults:5 | Identified the +6 falchion of Desperation {freeze, rN++
                  | Int+3}
 69448 | Vaults:5 | Identified the ring "Nifuit" {Ice rN+++ Str-4 Slay+5}
 69495 | Vaults:5 | Identified the +6 broad axe of Slow Death {protect, Dex+3}
 70357 | Vaults:5 | Reached XP level 21. HP: 146/163 MP: 33/47
 70504 | Vaults:5 | Identified the ring "Zoxebas" {rCorr Str+3 SInv}
 70592 | Vaults:5 | Identified the ring of Etocveed {rElec rN+ SInv}
 70684 | Vaults:5 | Noticed a golden dragon
 70690 | Vaults:5 | Killed a golden dragon
 70845 | Vaults:5 | Got the Volume of Ashen Companions
 71017 | Vaults:5 | Identified the +0 cloak of the Hot Ocelot {Harm rF+ Str-5}
 71026 | Vaults:5 | Got Sif Muna's Compendium of Lightness and Companions
 71115 | Vaults:5 | Identified the +3 rapier "Weczun" {venom, +Blink rF+++
                  | Will- Dex-2}
 71506 | Vaults:5 | Got a silver rune of Zot
 71875 | Elf:1    | Entered Level 1 of the Elven Halls
 71928 | Elf:1    | Paralysed by an air elemental for 1 turns
 72122 | Elf:1    | Reached skill level 10 in Dodging
 72123 | Elf:1    | Reached skill level 10 in Fighting
 72127 | Elf:1    | Reached skill level 10 in Shields
 72357 | Elf:1    | Identified the ring "Yqocoic" {rPois rF+ MP+9 Int+3}
 72495 | Elf:1    | Found Maruuth's Weapon Emporium.
 72810 | Elf:1    | Identified the +2 hand axe of Ru's Benevolence {vorpal,
                  | Drain rPois rC- Stlth+}
 72935 | Elf:1    | Identified the +1 chain mail of Hedging {+Inv rPois Slay-6}
 73905 | Elf:2    | Acquired the Volume of Icy Changing
 74007 | Elf:2    | Found a runed translucent gate.
 74009 | Elf:2    | Found a runed translucent gate.
 74014 | Elf:2    | Found a runed translucent gate.
 74181 | Elf:2    | Reached skill level 17 in Spellcasting
 74738 | Elf:3    | Entered Level 3 of the Elven Halls
 75318 | Elf:3    | Reached skill level 18 in Spellcasting
 75354 | Elf:3    | Identified the +2 trident "Unneb" {vorpal, rC+}
 75461 | Elf:3    | Identified the +8 rapier "Inupn" {vorpal, Dex+5}
 75495 | Elf:3    | Identified the ring "Ecetiaf" {Fire rElec}
 75713 | Elf:3    | Identified the +2 pair of gloves of Transparent Joy {rN+
                  | Str+3 Dex+3}
 75733 | Elf:3    | Identified the +6 great mace of the Grave {vorpal, Str+2
                  | Int+4}
 75733 | Elf:3    | Found the dreamshard necklace {*Dream Drain}
 75763 | Elf:3    | Identified the +0 pair of gloves of the Pit {rC+ Int+2}
 75773 | Elf:3    | Identified the +1 halberd of Izyrokk {vorpal, rF+ Int+4
                  | Dex-3}
 76434 | Slime:1  | Entered Level 1 of the Pits of Slime
 76926 | Slime:4  | Reached skill level 19 in Spellcasting
 76926 | Slime:4  | Reached XP level 22. HP: 163/174 MP: 51/51
 76963 | Slime:3  | Learned a level 9 spell: Fire Storm
 77035 | Slime:5  | Entered Level 5 of the Pits of Slime
 77775 | Slime:5  | Noticed the Royal Jelly
 78021 | Slime:5  | Killed the Royal Jelly
 78021 | Slime:5  | Gained mutation: Your body sometimes deteriorates upon
                  | taking damage. [a shining eye]
 78025 | Slime:5  | Gained mutation: Your spells are a little easier to cast,
                  | but a little less powerful. [a shining eye]
 78323 | Slime:5  | Got a slimy rune of Zot
 78324 | Slime:5  | Found the +8 Vampire's Tooth {vamp}
 78339 | Slime:5  | Lost mutation: Your spells are a little easier to cast, but
                  | a little less powerful. [potion of mutation]
 78339 | Slime:5  | Lost mutation: Your body sometimes deteriorates upon taking
                  | damage. [potion of mutation]
 78339 | Slime:5  | Gained mutation: You have a pair of small horns on your
                  | head. [potion of mutation]
 78339 | Slime:5  | Gained mutation: You have a somewhat thin skeletal
                  | structure. (Dex +2, Stealth+) [potion of mutation]
 78353 | Slime:5  | Identified the +9 falchion of War {freeze, Str+3}
 78396 | Slime:5  | Identified the +3 ring mail "Ruotwe" {rF- Will+ Str+2}
 78547 | Slime:5  | Identified the +1 falchion "Neipeuh" {vorpal, *Corrode
                  | *Slow rElec SInv}
 78881 | Depths:1 | Entered Level 1 of the Depths
 79182 | Depths:1 | Reached skill level 20 in Spellcasting
 79817 | Depths:1 | Identified the ring of Seciybomm {+Blink rPois rC+ rCorr
                  | SInv}
 79821 | Depths:1 | Found a one-way gateway to a ziggurat.
 80179 | Depths:1 | Found a gateway to Hell.
 80917 | Depths:2 | Identified the +8 falchion of Cutsoxt {vorpal, +Blink rF+}
 81020 | Depths:2 | Acquired 1245 gold pieces
 81232 | Depths:2 | Found a one-way gate leading to the halls of Pandemonium.
 81337 | Depths:2 | Found Huemal's General Store.
 81754 | Depths:3 | Found a magical portal.
 81769 | WizLab   | Entered Tukima's Studio
 81838 | WizLab   | Identified the +4 longbow of Megalomania {speed, rN+ rCorr
                  | Stlth-}
 82157 | WizLab   | Noticed sasquatch's illusion
 82571 | Depths:3 | Reached XP level 23. HP: 162/181 MP: 16/53
 83428 | Depths:3 | Noticed a juggernaut
 83442 | Depths:3 | Killed a juggernaut
 83664 | Depths:3 | Identified the +5 chain mail of Xoeskiak {Contam rC++ SInv
                  | Stlth+}
 83751 | Depths:3 | Reached skill level 5 in Stealth
 84214 | Depths:3 | Learned a level 9 spell: Polar Vortex
 84278 | Depths:4 | Entered Level 4 of the Depths
 85804 | Depths:4 | Reached skill level 10 in Stealth
 85806 | Depths:4 | Reached skill level 1 in Fire Magic
 85880 | Depths:4 | Found a gate to the Realm of Zot.
 86027 | Depths:4 | Reached skill level 5 in Fire Magic
 86109 | Depths:4 | Found a runed translucent door.
 86109 | Depths:4 | Found a runed translucent door.
 86119 | Depths:4 | Found a runed translucent door.
 86122 | Depths:4 | Found a runed translucent door.
 86128 | Depths:4 | Identified the +0 pair of gloves of Hoplamn {rF+ rC+ Str+3}
 86566 | Depths:3 | Voluntarily entered the Abyss.
 87059 | Depths:3 | Escaped the Abyss
 87147 | Depths:3 | Voluntarily entered the Abyss.
 87370 | Abyss:3  | Reached XP level 24. HP: 141/189 MP: 34/53
 87370 | Abyss:3  | Reached XP level 25. HP: 144/194 MP: 34/53
 87370 | Abyss:3  | Got an abyssal rune of Zot
 87656 | Depths:3 | Escaped the Abyss
 87728 | Zot:1    | Entered Level 1 of the Realm of Zot
 88278 | Zot:1    | Noticed an orb of fire
 88584 | Zot:1    | Reached skill level 10 in Fire Magic
 88611 | Zot:1    | Reached XP level 26. HP: 148/202 MP: 21/53
 88856 | Zot:1    | Learned a level 2 spell: Blink
 89164 | Zot:1    | Killed an orb of fire
 91432 | Zot:3    | Noticed an orb of fire
 91522 | Zot:3    | Killed an orb of fire
 91565 | Zot:3    | Identified the +10 dagger of Proximity {drain, rPois}
 91568 | Zot:3    | Identified the +6 morningstar of the Scorching Shrike
                  | {vamp, rC+}
 91710 | Zot:3    | Reached skill level 15 in Fire Magic
 91724 | Zot:3    | Found the +4 dragonskin cloak
 91724 | Zot:3    | Noticed Tiamat
 91752 | Zot:3    | Killed Tiamat
 92863 | Zot:3    | Identified the +1 ring mail of the Slightly Bent {Int+3}
 92959 | Zot:3    | Identified the +5 shortbow "Vegruj" {flame, rPois Will+
                  | Dex+4 Stlth+}
 94510 | Zot:4    | Reached XP level 27. HP: 209/209 MP: 53/53
 94857 | Zot:5    | Entered Level 5 of the Realm of Zot
 95404 | Zot:5    | Noticed a dread lich
 95406 | Zot:5    | Noticed an orb of fire
 95465 | Zot:5    | Killed an orb of fire
 95835 | Zot:5    | Noticed an ancient lich
 95837 | Zot:5    | Killed an ancient lich
 95903 | Zot:5    | Killed a dread lich
 96028 | Zot:5    | Noticed an orb of fire
 96029 | Zot:5    | Killed an orb of fire
 96118 | Zot:5    | Noticed an orb of fire
 96121 | Zot:5    | Killed an orb of fire
 96146 | Zot:5    | Noticed an ancient lich
 96171 | Zot:5    | Gained mutation: Your body sometimes deteriorates upon
                  | taking damage. [a neqoxec]
 96213 | Zot:5    | Killed an ancient lich
 96598 | Zot:5    | Identified the +1 scale mail "Dukug" {Drain rElec rCorr
                  | Int+2}
 97078 | Crypt:1  | Entered Level 1 of the Crypt
 98240 | Crypt:2  | Noticed Sojobo
 98242 | Crypt:2  | Killed Sojobo
 99288 | Crypt:2  | Found the +9 sword of Zonguldrok {reap}
 99445 | Crypt:3  | Entered Level 3 of the Crypt
 99463 | Crypt:3  | Found a staircase to the Tomb.
 99464 | Crypt:3  | Identified the +5 rapier "Nuompouh" {flame, rC+ Will- rCorr
                  | Int+6}
 99718 | Crypt:3  | Identified the +3 quarterstaff of Xom's Indignation {speed,
                  | rF+ Will+ rCorr Str-5}
 99718 | Crypt:3  | Identified the amulet "Huic" {rN+ Regen+ Dex+3}
100818 | Crypt:3  | Identified the ring of the Five Heavens {rElec rF+ rC+ rN+
                  | Dex+2}
100818 | Crypt:3  | Identified the ring "Ithrotz" {rC+ rN+ Int+5}
100818 | Crypt:3  | Identified the ring of Sloth {rN+ rCorr Str-4 Int+7 Stlth+}
102303 | Zig:1    | Entered Level 1 of a ziggurat
102303 | Zig:1    | Noticed Cuawn the pandemonium lord
102305 | Zig:1    | Killed Cuawn the pandemonium lord
102353 | Zig:2    | Entered Level 2 of a ziggurat
102412 | Zig:3    | Entered Level 3 of a ziggurat
102447 | Zig:4    | Entered Level 4 of a ziggurat
102474 | Zig:5    | Entered Level 5 of a ziggurat
102484 | Zig:5    | Identified the +9 war axe of Eroinil {flame, rC+}
102551 | Zig:6    | Entered Level 6 of a ziggurat
102555 | Zig:6    | Paralysed by a wendigo for 1 turns
102600 | Zig:7    | Entered Level 7 of a ziggurat
102722 | Zig:7    | Got Wayreec's Handbook of Vitriolic Ice
102762 | Zig:8    | Entered Level 8 of a ziggurat
102806 | Zig:8    | Acquired the +0 kite shield "Aweret" {Fly rC+}
102862 | Zig:9    | Entered Level 9 of a ziggurat
102868 | Zig:9    | Reached skill level 15 in Fighting
102868 | Zig:9    | Reached skill level 15 in Dodging
102868 | Zig:9    | Reached skill level 15 in Shields
103062 | Zig:9    | Identified the +1 plate armour "Kipnoe" {Int+3 Dex+7}
103084 | Zig:9    | Learned a level 8 spell: Necromutation
103093 | Zig:9    | Learned a level 8 spell: Borgnjor's Revivification
103094 | Zig:10   | Entered Level 10 of a ziggurat
103123 | Zig:10   | Identified the ring of the Madman {Fire rN++ Int+2 Dex-4
                  | Stlth+}
103127 | Zig:10   | Got the Guide on Dislocation
103129 | Zig:10   | Identified the ring of the Shimmering Enemy {Drain rF+
                  | Will+++ Str+7 Stlth+}
103223 | Zig:11   | Entered Level 11 of a ziggurat
103330 | Zig:11   | Identified the +0 plate armour of Eternal Night {rPois
                  | Str+4}
103353 | Zig:12   | Entered Level 12 of a ziggurat
103360 | Zig:12   | Noticed an ancient lich
103363 | Zig:12   | Noticed a dread lich
103364 | Zig:12   | Killed an ancient lich
103364 | Zig:12   | Noticed an ancient lich
103365 | Zig:12   | Noticed a dread lich
103365 | Zig:12   | Noticed a dread lich
103366 | Zig:12   | Killed a dread lich
103367 | Zig:12   | Killed an ancient lich
103367 | Zig:12   | Killed a dread lich
103367 | Zig:12   | Killed a dread lich
103536 | Zig:12   | Identified the +8 falchion "Heogyug" {spect, Stlth+}
103542 | Zig:12   | Reached skill level 10 in Necromancy
103547 | Zig:12   | Identified the +11 spear of Intense Defiance {elec, Int+5}
103549 | Zig:12   | Identified the +9 scimitar of Imbalance {freeze, rC+ Str+2
                  | Stlth+}
103568 | Zig:13   | Entered Level 13 of a ziggurat
103603 | Zig:13   | Identified the +1 spear of Gloom {flame, rPois Int-2 Dex+4
                  | SInv}
103644 | Zig:14   | Entered Level 14 of a ziggurat
103651 | Zig:14   | Noticed Muwuemat the pandemonium lord
103651 | Zig:14   | Noticed Gone the pandemonium lord
103653 | Zig:14   | Noticed Rahi the pandemonium lord
103657 | Zig:14   | Killed Gone the pandemonium lord
103658 | Zig:14   | Killed Muwuemat the pandemonium lord
103658 | Zig:14   | Noticed Ocriopuf the pandemonium lord
103659 | Zig:14   | Noticed Olasohe the pandemonium lord
103662 | Zig:14   | Killed Rahi the pandemonium lord
103678 | Zig:14   | Gained mutation: You occasionally shout uncontrollably at
                  | your foes. [a neqoxec]
103731 | Zig:14   | Killed Ocriopuf the pandemonium lord
103828 | Zig:14   | Killed Olasohe the pandemonium lord
104032 | Zig:14   | Lost mutation: Your body sometimes deteriorates upon taking
                  | damage. [potion of mutation]
104032 | Zig:14   | Lost mutation: You have a somewhat thin skeletal structure.
                  | (Dex +2, Stealth+) [potion of mutation]
104032 | Zig:14   | Gained mutation: You frequently scream uncontrollably at
                  | your foes. [potion of mutation]
104032 | Zig:14   | Lost mutation: You have a pair of small horns on your head.
                  | [potion of mutation]
104032 | Zig:14   | Gained mutation: Your flesh is cold resistant. (rC+)
                  | [potion of mutation]
104032 | Zig:14   | Gained mutation: You are robust. (+10% HP) [potion of
                  | mutation]
104033 | Zig:14   | Lost mutation: Your flesh is cold resistant. (rC+) [potion
                  | of mutation]
104033 | Zig:14   | Lost mutation: You frequently scream uncontrollably at your
                  | foes. [potion of mutation]
104033 | Zig:14   | Lost mutation: You occasionally shout uncontrollably at
                  | your foes. [potion of mutation]
104033 | Zig:14   | Gained mutation: You are resistant to electric shocks.
                  | (rElec) [potion of mutation]
104033 | Zig:14   | Gained mutation: You have a pair of small antennae on your
                  | head. [potion of mutation]
104033 | Zig:14   | Gained mutation: You are partially covered in iridescent
                  | scales. (AC +2) [potion of mutation]
104090 | Zig:14   | Identified the +9 chain mail of Gallantry {*Corrode rN++
                  | Dex+4}
104094 | Zig:15   | Entered Level 15 of a ziggurat
104104 | Zig:15   | Noticed a juggernaut
104106 | Zig:15   | Noticed a juggernaut
104106 | Zig:15   | Noticed a juggernaut
104107 | Zig:15   | Noticed a juggernaut
104107 | Zig:15   | Noticed a juggernaut
104108 | Zig:15   | Killed a juggernaut
104108 | Zig:15   | Killed a juggernaut
104108 | Zig:15   | Killed a juggernaut
104110 | Zig:15   | Killed a juggernaut
104118 | Zig:15   | Killed a juggernaut
104249 | Zig:15   | Identified the +2 quarterstaff "Sefuazed" {vamp, Drain
                  | rPois rN+ MP+9}
104251 | Zig:15   | Identified the +6 quarterstaff of the Manifold Dreams
                  | {holy, Str+4}
104262 | Zig:15   | Identified the +7 falchion "Pifosuf" {freeze, rElec rCorr
                  | SInv}
104269 | Zig:16   | Entered Level 16 of a ziggurat
104288 | Zig:16   | Reached skill level 15 in Necromancy
104348 | Zig:16   | Identified the +6 scimitar of Plog {pain, *Rage rPois rCorr
                  | Stlth+}
104353 | Zig:16   | Got the Incunabulum of Fire
104359 | Zig:16   | Identified the ring "Becank" {rC+ Int+4}
104445 | Zig:16   | Identified the +4 longbow "Vaecow" {vorpal, Fragile Fly
                  | Int+6}
104447 | Zig:17   | Entered Level 17 of a ziggurat
104453 | Zig:17   | Noticed a juggernaut
104457 | Zig:17   | Noticed a juggernaut
104458 | Zig:17   | Noticed a juggernaut
104460 | Zig:17   | Killed a juggernaut
104460 | Zig:17   | Killed a juggernaut
104460 | Zig:17   | Killed a juggernaut
104465 | Zig:17   | Reached skill level 1 in Ice Magic
104469 | Zig:17   | Found the +8 arc blade {discharge, rElec}
104579 | Zig:17   | Identified the amulet of the Monkey {RegenMP Regen+ Int+2
                  | Dex+4}
104601 | Zig:17   | Identified the ring of Coronation {rF+ Will+ rCorr MP+9
                  | Int+2}
104615 | Zig:17   | Identified the +6 arbalest "Vacveemo" {penet, rF+ Int+5
                  | Dex-2 Stlth+}
104624 | Zig:17   | Acquired a manual of Dodging
104640 | Zig:18   | Entered Level 18 of a ziggurat
104912 | Zig:18   | Identified the +5 battleaxe of Termination {distort, Dex+5}
104944 | Zig:18   | Learned a level 8 spell: Ignition
104948 | Zig:19   | Entered Level 19 of a ziggurat
104955 | Zig:19   | Noticed Uhu Weog the pandemonium lord
104965 | Zig:19   | Killed Uhu Weog the pandemonium lord
104993 | Zig:19   | Noticed Fettisio the pandemonium lord
105018 | Zig:19   | Noticed Zynnenk the pandemonium lord
105022 | Zig:19   | Noticed Erow Noan the pandemonium lord
105023 | Zig:19   | Killed Zynnenk the pandemonium lord
105026 | Zig:19   | Killed Erow Noan the pandemonium lord
105039 | Zig:19   | Noticed Uxilob the pandemonium lord
105040 | Zig:19   | Noticed Meludaist the pandemonium lord
105043 | Zig:19   | Killed Uxilob the pandemonium lord
105050 | Zig:19   | Found the +8 lance "Wyrmbane" {slay drac, rPois rF+ rC+
                  | AC+3}
105054 | Zig:19   | Identified the ring "Keproe" {Fire rN++}
105058 | Zig:20   | Entered Level 20 of a ziggurat
105130 | Zig:20   | Reached skill level 5 in Ice Magic
105361 | Zig:20   | Identified the ring of Gapar {+Blink rN++ rCorr}
105429 | Zig:21   | Entered Level 21 of a ziggurat
105442 | Zig:21   | Reached skill level 10 in Ice Magic
105442 | Zig:21   | Gained mutation: Your spells are a little easier to cast,
                  | but a little less powerful. [a shining eye]
105615 | Zig:21   | Identified the ring of Beauty {Str+7 SInv}
105621 | Zig:21   | Identified the +7 great mace of Beinwuh {protect, rC+
                  | Str+3}
105624 | Zig:21   | Identified the amulet of Kofeteism {Faith Int+4 Dex-3
                  | Slay+6}
105666 | Zig:21   | Identified the +10 mace "Biesuq" {spect, rCorr Int+3 Dex+4}
105690 | Zig:21   | Lost mutation: You are robust. (+10% HP) [potion of
                  | mutation]
105690 | Zig:21   | Lost mutation: Your spells are a little easier to cast, but
                  | a little less powerful. [potion of mutation]
105690 | Zig:21   | Gained mutation: You are frail. (-10% HP) [potion of
                  | mutation]
105691 | Zig:21   | Lost mutation: You are partially covered in iridescent
                  | scales. (AC +2) [potion of mutation]
105691 | Zig:21   | Lost mutation: You are frail. (-10% HP) [potion of
                  | mutation]
105691 | Zig:21   | Gained mutation: You are dopey. (Int -2) [potion of
                  | mutation]
105691 | Zig:21   | Gained mutation: You have a pair of antennae on your head.
                  | [potion of mutation]
105692 | Zig:21   | Lost mutation: You have a pair of antennae on your head.
                  | [potion of mutation]
105692 | Zig:21   | Lost mutation: You have a pair of small antennae on your
                  | head. [potion of mutation]
105692 | Zig:21   | Lost mutation: You are dopey. (Int -2) [potion of mutation]
105692 | Zig:21   | Gained mutation: You are partially covered in iridescent
                  | scales. (AC +2) [potion of mutation]
105692 | Zig:21   | Gained mutation: Potions are less effective at restoring
                  | your health. [potion of mutation]
105709 | Zig:21   | Lost mutation: Potions are less effective at restoring your
                  | health. [potion of mutation]
105709 | Zig:21   | Lost mutation: You are partially covered in iridescent
                  | scales. (AC +2) [potion of mutation]
105709 | Zig:21   | Lost mutation: You are resistant to electric shocks.
                  | (rElec) [potion of mutation]
105709 | Zig:21   | Gained mutation: You are occasionally teleported next to
                  | monsters. [potion of mutation]
105709 | Zig:21   | Gained mutation: You are strong-willed. (Will+) [potion of
                  | mutation]
105709 | Zig:21   | Gained mutation: Your flesh is heat resistant. (rF+)
                  | [potion of mutation]
105710 | Zig:21   | Lost mutation: Your flesh is heat resistant. (rF+) [potion
                  | of mutation]
105710 | Zig:21   | Lost mutation: You are strong-willed. (Will+) [potion of
                  | mutation]
105710 | Zig:21   | Lost mutation: You are occasionally teleported next to
                  | monsters. [potion of mutation]
105710 | Zig:21   | Gained mutation: You tend to lose your temper in combat.
                  | [potion of mutation]
105710 | Zig:21   | Gained mutation: You are clumsy. (Dex -2) [potion of
                  | mutation]
105710 | Zig:21   | Gained mutation: You passively dampen the noise of your
                  | surroundings. [potion of mutation]
105711 | Zig:21   | Lost mutation: You are clumsy. (Dex -2) [potion of
                  | mutation]
105711 | Zig:21   | Lost mutation: You tend to lose your temper in combat.
                  | [potion of mutation]
105711 | Zig:21   | Lost mutation: You passively dampen the noise of your
                  | surroundings. [potion of mutation]
105711 | Zig:21   | Gained mutation: Your muscles are strong. (Str +2) [potion
                  | of mutation]
105711 | Zig:21   | Gained mutation: Your system is resistant to poisons.
                  | (rPois) [potion of mutation]
105713 | Zig:22   | Entered Level 22 of a ziggurat
105723 | Zig:22   | Noticed a juggernaut
105725 | Zig:22   | Noticed a juggernaut
105727 | Zig:22   | Noticed a juggernaut
105727 | Zig:22   | Noticed a juggernaut
105728 | Zig:22   | Noticed a juggernaut
105729 | Zig:22   | Noticed a juggernaut
105730 | Zig:22   | Killed a juggernaut
105730 | Zig:22   | Killed a juggernaut
105731 | Zig:22   | Killed a juggernaut
105732 | Zig:22   | Noticed a juggernaut
105734 | Zig:22   | Killed a juggernaut
105734 | Zig:22   | Killed a juggernaut
105734 | Zig:22   | Killed a juggernaut
105734 | Zig:22   | Noticed a juggernaut
105735 | Zig:22   | Noticed a juggernaut
105737 | Zig:22   | Killed a juggernaut
105737 | Zig:22   | Noticed a juggernaut
105741 | Zig:22   | Killed a juggernaut
105741 | Zig:22   | Killed a juggernaut
105741 | Zig:22   | Killed a juggernaut
105742 | Zig:22   | Reached skill level 15 in Ice Magic
105834 | Zig:22   | Identified the ring of Xitypt {rElec rC+ rN+}
105850 | Zig:22   | Identified the +0 leather armour of the Bard {rC+ rCorr
                  | Int+3 Dex+3}
105855 | Zig:23   | Entered Level 23 of a ziggurat
105870 | Zig:23   | Noticed a dread lich
105871 | Zig:23   | Noticed an ancient lich
105871 | Zig:23   | Noticed an ancient lich
105873 | Zig:23   | Killed an ancient lich
105873 | Zig:23   | Killed a dread lich
105874 | Zig:23   | Killed an ancient lich
106054 | Zig:23   | Identified the ring "Sypne" {Wiz Stlth+}
106087 | Zig:23   | Identified the +2 pair of boots "Duklel" {rPois rF- Dex+7}
106088 | Zig:23   | Identified the +6 quarterstaff "Gosit" {vorpal, Str+5 Int-2
                  | Dex+3}
106194 | Zig:23   | Identified the +8 war axe "Zefoxoq" {distort, rPois Str-2
                  | Int+5 SInv}
106218 | Zig:23   | Identified the +6 great sword of Slow Death {freeze, Will-
                  | Str+6 Stlth+}
106220 | Zig:24   | Entered Level 24 of a ziggurat
106249 | Zig:24   | Paralysed by an air elemental for 1 turns
106310 | Zig:24   | Identified the +1 ring mail "Xiteson" {+Inv rElec Will-
                  | Dex-3}
106318 | Zig:24   | Identified the +1 chain mail of Serendipity {rN+ Int+4
                  | Dex+2}
106324 | Zig:24   | Identified the +4 mace "Ocoejy" {venom, Fly rElec rN+
                  | Will-}
106334 | Zig:24   | Identified the +5 dagger of Cowardice {vorpal, rN+ SInv}
106339 | Zig:24   | Identified the +6 hand axe of World's End {antimagic, rElec
                  | rC- Int+3}
106340 | Zig:24   | Identified the +9 hand axe of Nyom {antimagic, Contam Str+3
                  | Dex+4}
106344 | Zig:25   | Entered Level 25 of a ziggurat
106485 | Zig:25   | Found the +2 hat of the Bear Spirit {Spirit, *Rage Will++}
106543 | Zig:25   | Identified the ring of Ycsecito {Wiz +Blink Str+4 Int+3}
106545 | Zig:25   | Identified the ring "Nuschaph" {Ice rN+}
106551 | Zig:25   | Identified the ring "Folin" {rPois rN+ Will+ AC+4}
106587 | Zig:25   | Identified the +5 halberd of Collusion {drain, *Slow rElec
                  | rC+ rN++}
106591 | Zig:26   | Entered Level 26 of a ziggurat
106606 | Zig:26   | Noticed a dread lich
106611 | Zig:26   | Noticed a dread lich
106614 | Zig:26   | Killed a dread lich
106614 | Zig:26   | Noticed an ancient lich
106614 | Zig:26   | Noticed an ancient lich
106615 | Zig:26   | Killed a dread lich
106617 | Zig:26   | Killed an ancient lich
106618 | Zig:26   | Reached skill level 21 in Spellcasting
106619 | Zig:26   | Killed an ancient lich
106632 | Zig:26   | Identified the +0 leather armour of the Vestibule of Hell
                  | {rElec}
106658 | Zig:26   | Identified the +3 flail of Gloom {flame, Dex+5}
106692 | Zig:27   | Entered Level 27 of a ziggurat
106705 | Zig:27   | Noticed a juggernaut
106706 | Zig:27   | Noticed a juggernaut
106707 | Zig:27   | Noticed a juggernaut
106708 | Zig:27   | Noticed a juggernaut
106708 | Zig:27   | Noticed a juggernaut
106710 | Zig:27   | Killed a juggernaut
106710 | Zig:27   | Killed a juggernaut
106710 | Zig:27   | Noticed a juggernaut
106710 | Zig:27   | Noticed a juggernaut
106710 | Zig:27   | Noticed a juggernaut
106711 | Zig:27   | Killed a juggernaut
106711 | Zig:27   | Killed a juggernaut
106711 | Zig:27   | Killed a juggernaut
106711 | Zig:27   | Noticed a juggernaut
106715 | Zig:27   | Noticed a juggernaut
106715 | Zig:27   | Killed a juggernaut
106715 | Zig:27   | Killed a juggernaut
106715 | Zig:27   | Killed a juggernaut
106715 | Zig:27   | Noticed a juggernaut
106717 | Zig:27   | Killed a juggernaut
106718 | Zig:27   | Reached skill level 22 in Spellcasting
106718 | Zig:27   | Killed a juggernaut
106718 | Zig:27   | Killed a juggernaut
106898 | Zig:27   | Identified the ring "Hytophox" {rElec rCorr EV+4}
107004 | Zig:27   | Identified the +0 robe of the Sixty-Six Scars {Rampage
                  | Drain +Blink Dex+7}
107201 | Hell     | Entered the Vestibule of Hell
107201 | Hell     | Noticed Geryon
107205 | Hell     | Killed Geryon
107334 | Hell     | Noticed a dread lich
107335 | Hell     | Killed a dread lich
107339 | Hell     | Reached skill level 23 in Spellcasting
107416 | Hell     | Noticed Murray
107418 | Hell     | Killed Murray
107595 | Hell     | Found a gateway to the ashen valley of Gehenna.
107758 | Hell     | Found a gateway to the freezing wastes of Cocytus.
107864 | Hell     | Found a gateway to the decaying netherworld of Tartarus.
107921 | Hell     | Found a gateway to the Iron City of Dis.
108100 | Pan      | Entered Pandemonium
108743 | Pan      | Identified the -3 pair of boots of Idealism {Str+7}
108932 | Pan      | Noticed a seraph
108939 | Pan      | Killed a seraph
109308 | Pan      | Reached skill level 1 in Armour
109773 | Pan      | Got a demonic rune of Zot
109778 | Pan      | Reached skill level 5 in Armour
110054 | Pan      | Found an exit through the horrors of the Abyss.
110590 | Pan      | Found a transporter.
110827 | Pan      | Entered the realm of Gloorx Vloq.
111485 | Pan      | Noticed Gloorx Vloq
111491 | Pan      | Killed Gloorx Vloq
111492 | Pan      | Reached skill level 10 in Armour
111552 | Pan      | Got a dark rune of Zot
111721 | Pan      | Found a transporter.
111870 | Pan      | Found an exit through the horrors of the Abyss.
112094 | Pan      | Noticed Etylag the pandemonium lord
112098 | Pan      | Gained mutation: You occasionally shout uncontrollably at
                  | your foes. [a cacodemon]
112099 | Pan      | Noticed Ijym the pandemonium lord
112101 | Pan      | Identified the +8 dagger of Capital Punishment {distort,
                  | rPois Dex+3}
112103 | Pan      | Entered the realm of Cerebov.
112644 | Pan      | Identified the ring "Secru" {rC+ Slay+5}
112955 | Pan      | Found the +6 sword of Cerebov {flame}
112955 | Pan      | Noticed Cerebov
112975 | Pan      | Killed Cerebov
113049 | Pan      | Identified the ring of Starshine {Str+4 Dex+6}
113065 | Pan      | Identified the +1 cloak of Uskayaw's Respect {+Blink rPois
                  | Dex+6 SInv}
113084 | Pan      | Got a fiery rune of Zot
113115 | Pan      | Entered the realm of Lom Lobon.
113139 | Pan      | Found an exit through the horrors of the Abyss.
113842 | Pan      | Noticed Lom Lobon
113851 | Pan      | Killed Lom Lobon
113944 | Pan      | Got a magical rune of Zot
114126 | Pan      | Entered the realm of Mnoleg.
114222 | Pan      | Lost mutation: You occasionally shout uncontrollably at
                  | your foes. [potion of mutation]
114222 | Pan      | Lost mutation: Your system is resistant to poisons. (rPois)
                  | [potion of mutation]
114222 | Pan      | Gained mutation: You tend to lose your temper in combat.
                  | [potion of mutation]
114223 | Pan      | Lost mutation: You tend to lose your temper in combat.
                  | [potion of mutation]
114223 | Pan      | Lost mutation: Your muscles are strong. (Str +2) [potion of
                  | mutation]
114223 | Pan      | Gained mutation: Potions are less effective at restoring
                  | your health. [potion of mutation]
114224 | Pan      | Lost mutation: Potions are less effective at restoring your
                  | health. [potion of mutation]
114224 | Pan      | Gained mutation: You have a pair of small antennae on your
                  | head. [potion of mutation]
114224 | Pan      | Gained mutation: You are partially covered in iridescent
                  | scales. (AC +2) [potion of mutation]
114224 | Pan      | Gained mutation: You tend to lose your temper in combat.
                  | [potion of mutation]
114224 | Pan      | Gained mutation: You have a pair of antennae on your head.
                  | [potion of mutation]
114225 | Pan      | Lost mutation: You have a pair of antennae on your head.
                  | [potion of mutation]
114225 | Pan      | Lost mutation: You are partially covered in iridescent
                  | scales. (AC +2) [potion of mutation]
114225 | Pan      | Gained mutation: You are frail. (-10% HP) [potion of
                  | mutation]
114225 | Pan      | Lost mutation: You have a pair of small antennae on your
                  | head. [potion of mutation]
114226 | Pan      | Lost mutation: You are frail. (-10% HP) [potion of
                  | mutation]
114226 | Pan      | Lost mutation: You tend to lose your temper in combat.
                  | [potion of mutation]
114226 | Pan      | Gained mutation: You are frail. (-10% HP) [potion of
                  | mutation]
114226 | Pan      | Gained mutation: Your flesh is heat resistant. (rF+)
                  | [potion of mutation]
114227 | Pan      | Lost mutation: Your flesh is heat resistant. (rF+) [potion
                  | of mutation]
114227 | Pan      | Lost mutation: You are frail. (-10% HP) [potion of
                  | mutation]
114227 | Pan      | Gained mutation: You are weak. (Str -2) [potion of
                  | mutation]
114455 | Pan      | Gained mutation: You occasionally shout uncontrollably at
                  | your foes. [a cacodemon]
114557 | Pan      | Gained mutation: You have hidden genetic defects. [a
                  | cacodemon]
114559 | Pan      | Lost mutation: You occasionally shout uncontrollably at
                  | your foes. [potion of mutation]
114559 | Pan      | Lost mutation: You are weak. (Str -2) [potion of mutation]
114559 | Pan      | Gained mutation: Armour fits poorly on your strangely
                  | shaped body. [potion of mutation]
114559 | Pan      | Gained mutation: You occasionally shout uncontrollably at
                  | your foes. [potion of mutation]
114560 | Pan      | Lost mutation: You have hidden genetic defects. [potion of
                  | mutation]
114560 | Pan      | Lost mutation: Armour fits poorly on your strangely shaped
                  | body. [potion of mutation]
114560 | Pan      | Gained mutation: Your movements are slightly less
                  | encumbered by armour. (ER -2) [potion of mutation]
114848 | Pan      | Noticed Mnoleg
114852 | Pan      | Killed Mnoleg
114853 | Pan      | Reached skill level 15 in Armour
114992 | Pan      | Got a glowing rune of Zot
115027 | Pan      | Gained mutation: You tend to lose your temper in combat. [a
                  | cacodemon]
115221 | Pan      | Reached skill level 24 in Spellcasting
115271 | Pan      | Noticed Afolum the pandemonium lord
115841 | Pan      | Found an exit through the horrors of the Abyss.
116654 | Pan      | Noticed Bipnut the pandemonium lord
116659 | Pan      | Killed Bipnut the pandemonium lord
116673 | Depths:2 | Escaped Pandemonium
116799 | Tar:1    | Entered Level 1 of Tartarus
117600 | Tar:6    | Noticed a dread lich
117603 | Tar:6    | Killed a dread lich
117607 | Tar:6    | Reached skill level 10 in Transmutations
117675 | Tar:7    | Entered Level 7 of Tartarus
117901 | Tar:7    | Noticed an ancient lich
117909 | Tar:7    | Killed an ancient lich
118025 | Tar:7    | Identified the +7 longbow of Armageddon {freeze, rF+ rN+
                  | Stlth+}
118119 | Tar:7    | Got a bone rune of Zot
118127 | Tar:7    | Noticed Ereshkigal
118134 | Tar:7    | Killed Ereshkigal
118140 | Tar:7    | Killed from afar by a Tzitzimitl

Illustrated notes

Levels and vault maps discovered:
D:1:      noname_arrival_rooms_in_the_neighbourhood, layout_basic,
          serial_bayou_pond_d, chequers_serial_rivers_micro_a,
          minmay_pentomino_z2
D:2:      layout_basic
D:3:      layout_basic, nicolae_ashenzari_skybound,
          grunt_temple_overflow_champion_of_chaos, portal_sewer_entry_d,
          kennysheep_generic_room_13
D:4:      layout_layer_cave
D:5:      layout_loops_cross, mainiacjoe_overflow_alcove_1,
          mainiacjoe_overflow_paths, gammafunk_ghost_abyssal_escape,
          kennysheep_crisscross
D:6:      layout_rooms, nicolae_dithmenos_through_a_glass_darkly
D:7:      nzn_winding_woodlands_large [nzn_winding_woodlands_5x5_cross,
          nzn_winding_woodlands_5x15_longhouse, nzn_winding_woodlands_5x5_three,
          nzn_winding_woodlands_center_triple_pond,
          nzn_winding_woodlands_15x15_boxy_spiral,
          nzn_winding_woodlands_center_lodge,
          nzn_winding_woodlands_5x5_closed_star,
          nzn_winding_woodlands_5x15_zeroes,
          nzn_winding_woodlands_5x5_checkerboard], layout_loops_ring,
          minmay_temple_entry_mist
D:8:      layout_cave_pools, erik_lair_island, special_room
          [special_room_kobold], hangedman_abyss_or_decor_stabs, uniq_pikel,
          uniq_gastronok
D:9:      layout_roguey, grunt_ministairs_14, minmay_joined_circles, uniq_grum
D:10:     layout_long_grid, mainiacjoe_overflow_24_doors, serial_shops,
          nicolae_shop_advertising_works [nicolae_subvault_shop_adworks],
          enter_bailey_5, grunt_ministairs_1
D:11:     layout_basic, serial_shops, bzr_entry_lakeside,
          minmay_misc_feat_plants, nicolae_blasting_shop, uniq_sonja,
          uniq_josephine, uniq_nergalle, uniq_fannar
D:12:     minmay_the_grid_four_pointed_star_mashed
          [minmay_the_grid_triangle_9x9_corruption,
          minmay_the_grid_triangle_9x9_dagger,
          minmay_the_grid_triangle_9x9_sparse_checkered,
          minmay_the_grid_triangle_9x9_sprig,
          minmay_the_grid_prize_inner_circle], layout_rooms, orc_0_dummy,
          corexii_checkpoint_a, grunt_ogre_cave
D:13:     kennysheep_four_of_diamonds, layout_irregular_city,
          gammafunk_ghost_spectres, kennysheep_generic_room_9
D:14:     layout_irregular_city, david_vaults_4, serial_shops,
          bzr_entry_customers, chequers_big_river, grunt_decor_mini_mirrors
D:15:     grunt_enter_depths_hoard, layout_cave_pools,
          chequers_serial_rivers_small_a
Lair:1:   layout_roguey, nicolae_lair_lil_pond, grunt_megastairs_5,
          lemuel_fruit_fields, uniq_maggie
Lair:2:   layout_cave_pods
Lair:3:   layout_hall_layers, palyth_hydra_swamp_entry,
          infiniplex_staircase_pool, grunt_megastairs_2
Lair:4:   layout_long_grid, hellmonk_spider_entry_not_the_bees,
          grunt_forest_small_clearing_treed
Lair:5:   layout_small_grid, slime_altar_1, lightli_volcano_entry_magma_tube,
          ebering_ghost_funeral_grove
Lair:6:   hangedman_lair_in_review, layout_regular_city,
          guppyfry_lair_end_dragon, uniq_urug
Swamp:1:  layout_basic_swamp, basic_altar, infiniplex_staircase_pool_2
Swamp:2:  layout_basic_swamp, portal_ice_cave_entry_frozen_things,
          evilmike_swamp_ruin_rubble_1, swamp_pool1
Swamp:3:  layout_basic_swamp, evilmike_swamp_ruin_house_6
Swamp:4:  swamp_alternative, layout_basic_swamp
Spider:1: layout_spider_delve, drop_trap, uniq_louise
Spider:2: layout_spider_delve, ebering_ghost_rock_garden
Spider:3: layout_spider_delve, nicolae_looking_at_the_future
Spider:4: spider_rune_water
Slime:1:  layout_caves
Slime:2:  layout_caves
Slime:3:  layout_caves
Slime:4:  layout_caves
Slime:5
Orc:1:    layout_caves, uniq_erica
Orc:2:    st_orc_open, layout_caves, gammafunk_ghost_smash, serial_shops,
          bzr_entry_road
Elf:1:    eino_elf_arrival_shootout, layout_onion_city, serial_shops,
          nicolae_shop_statue_plus, evilmike_minifort
Elf:2:    elven_hall_of_blades_hangedman_original
          [nicolae_vaults_blade_armed_guards], layout_loops_cross,
          einodemon_barbed_minivault
Elf:3:    minmay_elf_hall_not_hex, layout_geoelf_diagonals
Vaults:1: nicolae_vaults_angled_halls, nicolae_vaults_triangles,
          nicolae_vaults_asterisk, vaults_mumra_chevron,
          ontoclasm_vaults_misaligned, nicolae_vaults_windows_and_doors_thing,
          nicolae_vaults_little_squares_3, vaults_room_grunt_arrival_ludios,
          vaults_dpeg_ring, layout_vaults_omnigrid, nicolae_trove_entry_columns,
          uniq_saint_roka
Vaults:2: hangedman_vaults_maws, vaults_room_boxed, hangedman_vaults_unwind,
          v_misc_2, ontoclasm_vaults_chip, grunt_vaults_trifunnel, v_misc_19,
          nicolae_vaults_circle_grid_a, vaults_mumra_lcd,
          nicolae_vaults_rhombus_5, st_cross, layout_vaults_omnibox, uniq_aizul
Vaults:3: grunt_vaults_diagonal, v_misc_33, vaults_room_fours,
          minmay_crypt_entry_simple_plaza, vaults_room_grid, v_misc_14,
          v_misc_15, ontoclasm_vaults_twist, layout_vaults_ring, uniq_mennas
Vaults:4: grunt_vaults_hallway_short, nicolae_vaults_display_case, v_misc_31,
          vaults_room_fancy_cross, ontoclasm_vaults_spin, vaults_dpeg_hooks,
          vaults_mumra_minichess, vaults_standard_mumra_enter_the_diamond,
          nicolae_vaults_little_squares_5, layout_vaults_maze_snakey,
          serial_shops, nicolae_shop_stone, uniq_xtahua
Vaults:5
Crypt:1:  layout_misc_corridors, lemuel_dead_fish_pool
Crypt:2:  layout_misc_corridors, minmay_guarded_unrand_zonguldrok, uniq_sojobo
Crypt:3:  grunt_crypt_end_deaths_head, uniq_margery
Depths:1: layout_roguey, enter_ziggurat_b, nrook_mini_vaults,
          pf_dread_powers_of_hell, kilobyte_mutagenic_chamber
Depths:2: minmay_broken_ring, layout_gridville, hangedman_coc_ice_floe,
          rand_demon_pan_entry_4, corner_web_ring, hangedman_decor_slide_cut,
          minmay_shop_star, minmay_staircase_statues_hall_small
Depths:3: minmay_central_circle, layout_gridlike,
          chequers_serial_rivers_small_3, abyss_entry_crystal,
          infiniplex_enter_wizlab_water, hell_entry, nicolae_two_hexagons,
          minmay_misc_feat_secret_circle, minmay_variable_closet
Depths:4: evilmike_zot_entry_castle, layout_basic, serial_bayou_shore_a,
          lightli_too_deep
Hell
Tar:1:    layout_cathedral_of_symmetry
Tar:2:    layout_honeycomb
Tar:3:    layout_cathedral_of_symmetry, nicolae_tar_cuneiform_not
Tar:4:    layout_catacombs, nicolae_tar_cuneiform_bird
Tar:5:    layout_grid_maze, nicolae_tar_spectre_spectrum
Tar:6:    layout_cathedral_of_symmetry
Tar:7:    tar_old
Zot:1:    layout_gridlike, basic_altar, hangedman_hellfire_club
Zot:2:    ebering_greatest_show_in_zot, layout_misc_corridors
Zot:3:    dreamdust_black_sun_cult, layout_onion_interference,
          st_grand_hoard_of_tiamat
Zot:4:    grunt_twist_and_shout, layout_onion_interference,
          st_small_dragon_hoard_4
Zot:5:    layout_misc_corridors, nicolae_zot_crop_circle

Skill      XL: |  1  2  3  4  5  6  7  8  9 10 11 12 13 14 15 16 17 18 19 20 21 22 23 24 25 26 27 |
---------------+----------------------------------------------------------------------------------+-----
Spellcasting   | 2 3 4 6 8 10 13 16 19 20 24 | 24.0
Conjurations   | 4 5 6 7 8 10 11 12 15 16 20 22 | 22.0
Earth Magic    | 1 2 4 6 13 17 20 22 | 22.0
Translocations | 4 6 |  6.0
Dodging        | 4 6 7 8 9 10 15 | 15.0
Fighting       | 4 6 7 8 9 10 20 | 20.4
Hexes          | 4 6 |  6.0
Transmutations | 5 6 11 | 11.7
Shields        | 7 8 9 10 15 | 15.0
Stealth        | 10 | 10.0
Fire Magic     | 8 10 19 21 | 21.1
Necromancy     | 18 | 18.0
Ice Magic      | 20 | 20.9
Armour         | 15 | 15.0

Action                   |  1- 3 |  4- 6 |  7- 9 | 10-12 | 13-15 | 16-18 | 19-21 | 22-24 | 25-27 || total
-------------------------+-------+-------+-------+-------+-------+-------+-------+-------+-------++-------
Melee: Staff             |       |     2 |     3 |     3 |     1 |    10 |       |       |       ||    19
       Flail             |       |       |       |       |       |     7 |       |       |       ||     7
       Scimitar          |       |       |       |       |       |       |    11 |    12 |     7 ||    30
       Headbutt          |       |       |       |       |       |       |       |     4 |       ||     4
 Cast: Magic Dart        |    72 |    60 |   114 |   137 |    56 |   112 |     4 |     1 |       ||   556
       Searing Ray       |     3 |    17 |    31 |     1 |       |       |       |       |       ||    52
       Stone Arrow       |       |       |    79 |   245 |   207 |   538 |    33 |    11 |     4 ||  1117
       Fulminant Prism   |       |       |       |    27 |    95 |   159 |    23 |     2 |     1 ||   307
       Iskenderun's Myst |       |       |       |    33 |   133 |   124 |     5 |     1 |     2 ||   298
       Irradiate         |       |       |       |       |    12 |   204 |    36 |    42 |    78 ||   372
       Lehudib's Crystal |       |       |       |       |       |    43 |   250 |   262 |   805 ||  1360
       Lee's Rapid Decon |       |       |       |       |       |    10 |    16 |       |       ||    26
       Shatter           |       |       |       |       |       |       |   197 |   100 |    97 ||   394
       Fire Storm        |       |       |       |       |       |       |       |       |   363 ||   363
       Ignition          |       |       |       |       |       |       |       |       |     8 ||     8
       Polar Vortex      |       |       |       |       |       |       |       |       |     4 ||     4
       Necromutation     |       |       |       |       |       |       |       |       |     2 ||     2
       Blink             |       |       |       |       |       |       |       |       |     1 ||     1
       Borgnjor's Revivi |       |       |       |       |       |       |       |       |     1 ||     1
Evoke: Wand              |       |       |       |       |     1 |     3 |       |       |       ||     4
  Use: Scroll            |     5 |       |     1 |     7 |    16 |    15 |    20 |     7 |    48 ||   119
       Potion            |       |       |       |       |     3 |     9 |     8 |     6 |    57 ||    83
Armor: Robe              |     1 |    13 |    19 |    25 |    44 |    73 |    35 |    37 |    87 ||   334
       Ring mail         |       |       |       |       |     9 |    90 |       |       |       ||    99
       Pearl dragon scal |       |       |       |       |       |       |       |       |     1 ||     1
Dodge: Dodged            |     5 |    13 |    32 |    53 |    62 |   296 |    90 |    67 |   238 ||   856
       Repelled          |       |       |       |       |       |    17 |       |       |       ||    17
Block: Kite shield       |       |       |       |       |    11 |   254 |    99 |   122 |   359 ||   845
